 Dungeon Crawl Stone Soup version 0.30-a0-172-gc5509c9e31 (webtiles) character file.

Game seed: 3951983577661455678

578134 qw the Slayer (level 27, -10/188 HPs)
             Began as a Gargoyle Fighter on Oct 1, 2022.
             Was an Elder of Okawaru.
             Killed by the air
             ... invoked by a wind drake
             ... summoned by a white draconian stormcaller
              (19 damage)
             ... on level 2 of the Realm of Zot.
             The game lasted 00:30:00 (49659 turns).

qw the Slayer (Gargoyle Fighter)                   Turns: 49659, Time: 00:30:00

Health: -10/188    AC: 78    Str: 33    XL:     27
Magic:  30/30      EV: 21    Int: 17    God:    Okawaru [****..]
Gold:   2905       SH: 31    Dex: 20    Spells: 26/26 levels left

rFire   + . .      SeeInvis +    E - +7 broad axe of Valour {vamp, Contam +Blink rC+ Int+2}
rCold   + + .      Faith    .    h - +0 tower shield
rNeg    + + .      Spirit   .    p - +14 crystal plate armour of Hospitality {*Slow Fly rN+ rCorr}
rPois   inf        Reflect  +    J - +2 hat {Will+}
rElec   +          Harm     .    C - +1 cloak of Starlight {*Dazzle EV+4 Stlth--}
rCorr   +          Rampage  .    k - +2 pair of gloves "Boer" {rF+}
Will    ++++.                    e - +1 pair of boots "Focoul" {Int+4 SInv}
Stlth   ..........               w - amulet of reflection
HPRegen 0.51/turn                D - ring of Creativity {rC+ Str+3 Dex+5}
MPRegen 0.22/turn                r - ring "Lyll" {+Blink Will+ Dex+6}

@: about to teleport, heroic, flying
A: sickness immunity, AC +20, big wings, negative energy resistance 1,
electricity resistance, torment resistance 1, petrification resistance, weak 1
}: 3/15 runes: barnacled, silver, gossamer
a: Renounce Religion, Evoke Blink, Heroism, Finesse


You were on level 2 of the Realm of Zot.
You worshipped Okawaru.
Okawaru was greatly pleased with you.
You visited 9 branches of the dungeon, and saw 42 of its levels.
You visited 1 bazaar.
You also visited: Gauntlet and Desolation.

You collected 8520 gold pieces.
You spent 5615 gold pieces at shops.


Innate Abilities, Weirdness & Mutations

You are immune to sickness and miasma.
Your stone body is resilient. (AC +20)
You are immune to poison.
Your large and strong wings let you fly.
You resist negative energy. (rN+)
You are resistant to electric shocks. (rElec)
You are resistant to unholy torment.
You are immune to petrification.
You are weak. (Str -2)


   Skills:
 + Level 23.6(27) Fighting
 - Level 18.0(23.0) Axes
 - Level 13.0(18.0) Throwing
 - Level 22.0(27) Armour
 - Level 11.0(16.0) Dodging
 - Level 22.0(27) Shields
 - Level 10.0 Invocations


You had 26 spell levels left.
You didn't know any spells.
Your spell library was empty.

Inventory:

Hand Weapons
 q - the +2 hand axe "Qydd" {drain, *Slow rN++ rCorr Str+3}
   (You found it on level 5 of the Vaults)

   A truly terrible weapon, it drains the life of any living foe it strikes.
   Str:       It affects your strength (+3).
   rN:        It greatly protects you from negative energy.
   rCorr:     It protects you from acid and corrosion.
   *Slow:     It may slow you when you take damage.
 E - the +7 broad axe of Valour (weapon) {vamp, Contam +Blink rC+ Int+2}
   (Okawaru gifted it to you on level 4 of the Spider Nest)

   It occasionally heals its wielder for a portion of the damage dealt when it
   wounds a living foe.
   Int:       It affects your intelligence (+2).
   rC:        It protects you from cold.
   +Blink:    It lets you blink.
   Contam:    It causes magical contamination when unequipped.
Missiles
 y - 24 javelins
 K - 18 silver javelins (quivered)
Armour
 e - the +1 pair of boots "Focoul" (worn) {Int+4 SInv}
   (You acquired it on level 1 of the Dungeon)

   Int:       It affects your intelligence (+4).
   SInv:      It lets you see invisible.
 h - a +0 tower shield (worn)
 k - the +2 pair of gloves "Boer" (worn) {rF+}
   (You acquired it on level 6 of the Dungeon)

   rF:        It protects you from fire.
 n - a +2 helmet
 p - the +14 crystal plate armour of Hospitality (worn) {*Slow Fly rN+ rCorr}
   (You acquired it on level 2 of the Dungeon)

   rN:        It protects you from negative energy.
   Fly:       It grants you flight.
   rCorr:     It protects you from acid and corrosion.
   *Slow:     It may slow you when you take damage.
 t - the +0 pair of gloves "Gucaing" {Str+9}
   (Okawaru gifted it to you on level 1 of the Lair of Beasts)

   Str:       It affects your strength (+9).
 C - the +1 cloak of Starlight (worn) {*Dazzle EV+4 Stlth--}
   (You acquired it on level 11 of the Dungeon)

   It may blind those who miss an attack against the wearer in melee combat.
   EV:        It affects your evasion (+4).
   Stlth:     It makes you much less stealthy.
 I - a scarf of resistance
 J - a +2 hat of willpower (worn)
Jewellery
 a - the ring of the Doge {rCorr Slay+2}
   (You found it on level 5 of the Vaults)

   [ring of resist corrosion]

   Slay:      It affects your accuracy & damage with ranged weapons and melee
   (+2).
   rCorr:     It protects you from acid and corrosion.
 c - the amulet of Baqak {RegenMP -Tele rElec Regen+ Str+4}
   (You bought it in a shop in a bazaar)

   [amulet of magic regeneration]

   It increases your rate of magic regeneration.
   Str:       It affects your strength (+4).
   rElec:     It insulates you from electricity.
   -Tele:     It prevents most forms of teleportation.
   Regen:     It increases your rate of health regeneration.
 r - the ring "Lyll" (right hand) {+Blink Will+ Dex+6}
   (You found it in the Desolation of Salt)

   [ring of willpower]

   Dex:       It affects your dexterity (+6).
   +Blink:    It lets you blink.
   Will:      It increases your willpower.
 u - a ring of fire
 w - an amulet of reflection (around neck)
 D - the ring of Creativity (left hand) {rC+ Str+3 Dex+5}
   (You bought it in a shop on level 1 of the Shoals)

   [ring of protection from cold]

   Str:       It affects your strength (+3).
   Dex:       It affects your dexterity (+5).
   rC:        It protects you from cold.
 F - a ring of protection from cold
 G - a +4 ring of protection
 H - a ring of protection from fire
 Y - a +4 ring of evasion
Scrolls
 g - a scroll of brand weapon
 i - 11 scrolls of identify
 l - 12 scrolls of teleportation
 v - 8 scrolls of enchant weapon
 B - 8 scrolls of enchant armour
Potions
 d - 11 potions of might
 f - 24 potions of curing
 j - 14 potions of attraction
 m - 11 potions of mutation
 o - 7 potions of lignification
 s - 6 potions of cancellation
 x - 7 potions of haste
 A - 4 potions of magic

Dungeon Overview and Level Annotations

Branches:
Dungeon (15/15)            Temple (1/1) D:4            Lair (5/5) D:10
 Shoals (4/4) Lair:2       Spider (4/4) Lair:3        Slime (0/5) Lair:5
    Orc (2/2) D:10            Elf (0/3) Orc:2        Vaults (5/5) D:13
  Crypt (0/3) Vaults:2     Depths (4/4) D:15            Zot (2/5) Depths:4
Desolation (visited)      Gauntlet (visited)

Altars:
Ashenzari
Cheibriados
Dithmenos
Elyvilon
Fedhas
Gozag
Hepliaklqana
Kikubaaqudgha
Makhleb
Nemelex Xobeh
Okawaru
Qazlal
Ru
Sif Muna
Trog
Uskayaw
Vehumet
Wu Jian
Xom
Yredelemnul
Zin
The Shining One

Shops:
Orc:2 =?[?   Shoals:1 :=   Vaults:3 !   Depths:1 ?   Depths:2 (*

Portals:
Hell: Depths:1 Depths:2 Depths:3 Depths:4
Abyss: Depths:3 Depths:4
Pandemonium: Depths:2 Depths:4
Ziggurat: Depths:2

Annotations:
D:5 1 runed translucent door, Crazy Yiuf
D:10 2 transporters, Okhaekh's ghost, novice FoEE
D:14 3 runed translucent doors, Nouqea's ghost, journeyman GrFi
Depths:1 1 runed translucent door
Zot:2 1 runed translucent door, Juzit's ghost, legendary GnFi


Message History

The wind drake flaps its wings at you. The air twists around and strikes you.
The wind drake barely misses you.
You hit the death drake.
The death drake is severely wounded.
You slash the wind drake! You hit the wind drake.
The white draconian stormcaller mumbles some strange prayers to Qazlal against you.
Qazlal smites you! You block the death drake's attack.
You slash the wind drake!
The wind drake is almost dead.
You slash the wind drake!
You hit the wind drake but do no damage.
You slash the death drake!
You block the wind drake's attack. x3; You block the death drake's attack.
You slice the wind drake!!
You kill the wind drake!
The wind drake's corpse disappears in a puff of smoke!
You hit the wind drake. You slice the wind drake!!
You hit the death drake but do no damage.
You block the wind drake's attack. You block the death drake's attack.
The wind drake exhales a fierce blast of wind!
You are blown backwards!
The death drake is blown away by the wind.
You slash the death drake!
You kill the death drake!
The death drake's corpse disappears in a puff of smoke!
The wind drake exhales a fierce blast of wind!
You are blown backwards!
The wind drake flaps its wings at you. The air twists around and strikes you.
You barely miss the wind drake.
The wind drake is severely wounded.
You slice the wind drake!!
The wind drake exhales a fierce blast of wind!
You are blown backwards!
You slice the wind drake!!
You kill the wind drake!
The wind drake's corpse disappears in a puff of smoke!
The wind drake flaps its wings at you. The air twists around and strikes you!!
You die...

#..###~~~~~~###..#
#..~~~...>..~~~..# #
#..~~~..}...~~~..#
###
#.[~~~...>..~~~..#
####..
#..###~~~~~~###..#
###.....
#..#q#~~~~~~#q#..#
#.......
#..###~~~~~~###..##
#.....##
#.................#
###+####
#............k¤@..#
#)(W
##.#############....#
##.# #.# ###..# ##
#.#### #.# #^...##
#.# ####..# #.# #
##.## #.# # #..#
#.########### ##.#
#............


You could see a white draconian stormcaller and a wind drake (summoned, repels
missiles, catching breath).

Vanquished Creatures
  Mennas (Vaults:5)
  A juggernaut (Depths:3)
  Vv (Depths:2)
  Bai Suzhen (Vaults:5)
  A curse toe (Zot:2)
  Margery (Vaults:5)
  8 golden dragons
  Nikola (Vaults:2)
  An electric golem (Zot:2)
  15 tentacled monstrosities
  3 liches
  A walking frostbound tome (Depths:3)
  3 quicksilver dragons
  3 titans
  5 sphinxes
  A kraken (Shoals:2)
  Kirke (Lair:5)
  Roxanne (Shoals:1)
  Polyphemus (Shoals:3)
  5 death cobs
  An ancient champion (Depths:2)
  8 storm dragons
  Agnes (D:15)
  Donald (Spider:1)
  10 tengu reavers
  7 draconian monks
  14 shadow dragons
  9 fire giants
  19 vault wardens
  3 draconian knights (Zot:1)
  3 ghost moths
  10 frost giants
  5 iron dragons
  3 imperial myrmidons (Desolation)
  4 emperor scorpions
  Louise (Shoals:1)
  2 draconian scorchers
  17 ironbound preservers
  2 draconian shifters (Zot:1)
  5 draconian stormcallers
  3 spriggan defenders
  2 broodmothers
  17 stone giants
  5 draconian annihilators
  4 ironbound thunderhulks
  3 war gargoyles
  7 very ugly things
  A quicksilver ooze (shapeshifter) (D:13)
  2 vampire knights
  4 dire elephants (Vaults:1)
  7 green draconians
  8 black draconians
  2 halazid warlocks (Desolation)
  Nessos (D:14)
  A spark wasp (shapeshifter) (Vaults:5)
  6 white draconians
  11 purple draconians
  5 red draconians
  9 spark wasps
  A deep elf annihilator (Vaults:5)
  4 minotaurs
  5 yellow draconians
  18 ettins
  A green death (Depths:4)
  2 crystal guardians (Desolation)
  A merfolk impaler (Shoals:3)
  6 deep elf high priests (Vaults:5)
  4 merfolk javelineers
  A blizzard demon (Depths:2)
  A jiangshi (Vaults:2)
  Josephine (Orc:1)
  Fannar (D:10)
  6 entropy weavers
  8 fire dragons
  6 great orbs of eyes
  Erolcha (D:12)
  9 servants of whispers (Desolation)
  14 ice dragons
  13 yaktaur captains
  7 ragged hierophants (Desolation)
  A rakshasa (Depths:2)
  A hydra (Lair:5)
  5 peacekeepers
  5 spriggan air magi
  3 merfolk avatars
  33 vault guards
  3 jorogumos
  A death knight (D:14)
  2 hell beasts (Depths:2)
  An ogre mage (Vaults:5)
  3 radroaches
  6 ironbound frosthearts
  A catoblepas (Shoals:3)
  3 alligator snapping turtles
  14 satyrs
  7 merfolk aquamancers
  6 two-headed ogres
  6 deep troll shamans
  7 centaur warriors
  An anaconda (shapeshifter) (Vaults:5)
  5 boulder beetles
  8 tengu warriors
  2 death scarabs (Gauntlet)
  10 death yaks
  6 deep troll earth magi
  11 hell knights
  3 spriggan berserkers
  3 orc high priests (Orc:2)
  2 soul eaters (Depths:4)
  Urug (Lair:5)
  2 vampire magi
  2 salamander mystics
  Sonja (D:10)
  A skeletal warrior (D:14)
  A spectral death yak (Gauntlet)
  A shadow wraith (Vaults:5)
  6 pharaoh ants
  42 deep trolls
  11 sea snakes
  2 flayed ghosts
  7 iron trolls
  9 steelbarb worms
  An orb spider (shapeshifter) (Vaults:5)
  9 orb spiders
  6 wizards
  2 glowing orange brains (Depths:3)
  4 large abominations (Depths:3)
  6 phantasmal warriors
  A bog body (Lair:4)
  30 harpies
  9 lindwurms
  27 ironbound convokers
  6 orc knights
  18 ugly things
  A necromancer (Depths:3)
  20 wolf spiders
  3 oklob plants (Lair:5)
  3 orc sorcerers (Orc:2)
  19 manticores
  A salamander (shapeshifter) (D:13)
  19 fauns
  11 merfolk sirens
  13 elephants
  6 salamanders
  6 guardian serpents
  17 moths of wrath
  8 cyclopes
  An elephant (shapeshifter) (Vaults:5)
  3 black mambas
  A rust devil (Depths:4)
  A molten gargoyle (Desolation)
  10 water nymphs
  25 vault sentinels
  A gargoyle (D:13)
  8 torpor snails
  A cane toad (shapeshifter) (Spider:3)
  3 unseen horrors
  3 ice devils
  5 cane toads
  11 komodo dragons
  10 demonic crawlers
  3 kobold demonologists
  4 rime drakes
  11 yaktaurs
  A troll (D:12)
  3 freezing wraiths
  5 tengu conjurers (D:14)
  A red devil (Depths:4)
  26 merfolk
  13 meliai
  8 polar bears
  7 wind drakes
  7 hornets
  27 tarantellas
  24 slime creatures
  57 saltlings (Desolation)
  11 snapping turtles
  14 dream sheep
  4 blink frogs
  A spectral dream sheep (Gauntlet)
  8 small abominations (Depths:3)
  5 spriggans
  26 jumping spiders
  A jumping spider (shapeshifter) (Vaults:5)
  A culicivora (shapeshifter) (Depths:3)
  4 shadows
  A vampire (D:10)
  10 wraiths
  6 hogs (Lair:5)
  6 wyverns
  11 culicivoras
  5 basilisks
  24 water elementals
  Eustachio (D:5)
  36 yaks
  A basilisk (shapeshifter) (D:14)
  A neqoxec (Gauntlet)
  3 steam dragons
  40 redbacks
  2 chaos spawn
  7 vampire mosquitoes
  A spectral komodo dragon (Gauntlet)
  A death yak simulacrum (Lair:4)
  A warg (shapeshifter) (D:13)
  3 wargs
  An acid dragon (D:9)
  19 water moccasins
  A floating eye (Lair:5)
  2 black bears
  A spectral torpor snail (Gauntlet)
  29 orc warriors
  A sky beast (D:7)
  6 ogres
  32 wolves
  3 centaurs
  11 kobold brigands
  A necrophage (D:5)
  2 gnoll sergeants (D:9)
  A two-headed ogre simulacrum (Lair:4)
  10 bullfrogs
  8 scorpions
  An entropy weaver simulacrum (Lair:4)
  3 wights (D:6)
  10 killer bees
  2 electric eels (Lair:2)
  4 howler monkeys
  4 jellies
  2 quasits (D:12)
  7 hounds
  A gnoll bouda (D:8)
  24 orc priests
  6 iguanas
  26 orc wizards
  A spriggan simulacrum (Lair:4)
  2 troll simulacra (Lair:4)
  8 gnolls
  8 adders
  3 white imps
  2 ufetubi
  4 worms
  5 dart slugs
  72 orcs
  14 ball pythons
  4 bats (D:1)
  6 endoplasms
  2 giant cockroaches (Lair:3)
  9 goblins
  2 hobgoblins
  4 jackals (D:1)
  32 kobolds
  2 quokkas
  2 frilled lizards
  3 rats
  2 tentacles (Shoals:2)
1799 creatures vanquished.

Vanquished Creatures (others)
  An ice dragon (Depths:1)
  A satyr (Shoals:4)
  A saltling (Desolation)
  A jumping spider (Spider:2)
  An orc (Orc:2)
  A kobold (D:14)
  47 fungi
  200 plants
  7 tentacles (Shoals:2)
  16 withered plants (Gauntlet)
276 creatures vanquished.

Grand Total: 2075 creatures vanquished

Notes
Turn   | Place    | Note
-------+----------+-------------------------------------------
     0 | D:1      | qw the Gargoyle Fighter began the quest for the Orb.
     0 | D:1      | Reached XP level 1. HP: 14/14 MP: 1/1
     0 | D:1      | 0 ||| qw: Version: 0.2-a-13-gfc7b4b4
     0 | D:1      | 0 ||| qw: Game counter: 1818
     0 | D:1      | 0 ||| qw: Always use a shield: true
     0 | D:1      | 0 ||| qw: God list: Okawaru
     0 | D:1      | 0 ||| qw: Allow faded altars: false
     0 | D:1      | 0 ||| qw: Do Orc after D:15 true
     0 | D:1      | 0 ||| qw: Do second Lair branch before Depths: true
     0 | D:1      | 0 ||| qw: Lair rune preference: random
     0 | D:1      | 0 ||| qw: Plans: Normal, Zot:1-4, God:TSO, Crypt, Tomb,
                  | Pan, Slime:5, Hells, Abyss, Orb
     0 | D:1      | 0 ||| PLANNING D:1-11
    83 | D:1      | 83 ||| Stepping ~*~*~tactically~*~*~ (stealth).
   101 | D:1      | Reached XP level 2. HP: 19/19 MP: 2/2
   143 | D:1      | 143 ||| Stepping ~*~*~tactically~*~*~ (stealth).
   466 | D:1      | Reached skill level 3 in Axes
   471 | D:1      | 471 ||| Stepping ~*~*~tactically~*~*~ (stealth).
   472 | D:1      | 472 ||| Stepping ~*~*~tactically~*~*~ (stealth).
   475 | D:1      | Reached XP level 3. HP: 23/23 MP: 3/3
   593 | D:1      | Found a faded altar of an unknown god.
   819 | D:1      | 819 ||| UPGRADING to +6 ring of dexterity.
   820 | D:1      | 820 ||| READING 2 scrolls labelled LAEFUN YGUC.
   821 | D:1      | 821 ||| READING scroll labelled TABELI QOFRA.
   821 | D:1      | Identified a scroll of acquirement
   821 | D:1      | 821 ||| ACQUIRING +1 pair of boots "Focoul" {Int+4 SInv}
   821 | D:1      | Acquired the +1 pair of boots "Focoul" {Int+4 SInv}
   823 | D:1      | 823 ||| UPGRADING to +1 pair of boots "Focoul" {Int+4
                  | SInv}.
   828 | D:1      | 828 ||| READING scroll labelled FADAOCR WAQA.
   829 | D:1      | 829 ||| READING scroll labelled QEEZ AVVALIGG.
   830 | D:1      | 830 ||| READING 2 scrolls labelled ETOFIOFUODI.
   833 | D:1      | 833 ||| DROPPING scroll of fog.
  1112 | D:2      | 1112 ||| Stepping ~*~*~tactically~*~*~ (stealth).
  1224 | D:2      | 1224 ||| READING scroll of acquirement.
  1224 | D:2      | 1224 ||| ACQUIRING +14 crystal plate armour of Hospitality
                  | {*Slow Fly rN+ rCorr}
  1224 | D:2      | Acquired the +14 crystal plate armour of Hospitality {*Slow
                  | Fly rN+ rCorr}
  1226 | D:2      | 1226 ||| UPGRADING to +14 crystal plate armour of
                  | Hospitality {*Slow Fly rN+ rCorr}.
  1236 | D:2      | 1236 ||| DROPPING +0 scale mail.
  1287 | D:2      | Reached XP level 4. HP: 22/28 MP: 4/4
  1330 | D:2      | 1330 ||| DROPPING +0 club.
  1385 | D:2      | 1385 ||| DROPPING +1 pair of boots.
  1478 | D:2      | 1478 ||| DROPPING amulet of faith.
  1479 | D:2      | 1479 ||| READING scroll labelled LEOGOU REXOUL.
  1480 | D:2      | 1480 ||| READING scroll labelled SIXILA TEUHOM.
  1499 | D:2      | 1499 ||| READING scroll labelled YJIELLIASHRE.
  1500 | D:2      | 1500 ||| READING scroll labelled SUPE SEDEGEBI.
  1501 | D:2      | 1501 ||| READING scroll labelled KEIRUDI EQIDYCO.
  1502 | D:2      | 1502 ||| DRINKING 2 purple potions.
  1503 | D:2      | 1503 ||| DRINKING 2 pink potions.
  1595 | D:3      | Found a hide-covered altar of Uskayaw.
  1644 | D:3      | Found a glowing silver altar of Zin.
  1656 | D:3      | 1656 ||| Stepping ~*~*~tactically~*~*~ (stealth).
  1669 | D:3      | 1669 ||| Stepping ~*~*~tactically~*~*~ (stealth).
  1723 | D:3      | 1723 ||| Stepping ~*~*~tactically~*~*~ (stealth).
  1748 | D:3      | 1748 ||| DROPPING +0 whip.
  2022 | D:3      | Reached XP level 5. HP: 32/32 MP: 5/5
  2052 | D:3      | 2052 ||| Stepping ~*~*~tactically~*~*~ (hiding).
  2053 | D:3      | 2053 ||| Stepping ~*~*~tactically~*~*~ (hiding).
  2054 | D:3      | 2054 ||| Stepping ~*~*~tactically~*~*~ (hiding).
  2184 | D:3      | 2184 ||| READING scroll of enchant weapon.
  2184 | D:3      | 2184 ||| ENCHANTING +1 war axe of freezing.
  2200 | D:3      | 2200 ||| READING scroll labelled ITITSOPITZ.
  2201 | D:3      | 2201 ||| READING 2 scrolls of identify.
  2201 | D:3      | 2201 ||| IDENTIFYING green potion
  2202 | D:3      | 2202 ||| DROPPING potion of invisibility.
  2268 | D:4      | Reached XP level 6. HP: 37/37 MP: 6/6
  2397 | D:4      | 2397 ||| FLEEEEING.
  2398 | D:4      | 2398 ||| FLEEEEING.
  2399 | D:4      | 2399 ||| STAIRDANCE
  2444 | D:4      | 2444 ||| STAIRDANCE
  2496 | D:4      | Reached skill level 4 in Fighting
  2615 | D:4      | Identified the +5 sling "Uteavi" {flame, Will+ Int+4
                  | Stlth-}
  2624 | D:4      | 2624 ||| Stepping ~*~*~tactically~*~*~ (stealth).
  2627 | D:4      | 2627 ||| Stepping ~*~*~tactically~*~*~ (hiding).
  2653 | D:4      | 2653 ||| Stepping ~*~*~tactically~*~*~ (hiding).
  2797 | D:4      | 2797 ||| Stepping ~*~*~tactically~*~*~ (stealth).
  2800 | D:4      | 2800 ||| Stepping ~*~*~tactically~*~*~ (hiding).
  2986 | D:4      | Found a broken altar of Ashenzari.
  3088 | D:4      | Found a staircase to the Ecumenical Temple.
  3089 | D:4      | 3089 ||| PLANNING TEMPLE
  3089 | D:4      | 3089 ||| DROPPING +6 ring of intelligence.
  3090 | D:4      | 3090 ||| DRINKING 2 viscous yellow potions.
  3091 | D:4      | 3091 ||| DRINKING 2 murky amethyst potions.
  3092 | D:4      | 3092 ||| DRINKING 2 emerald potions.
  3137 | D:4      | 3137 ||| DROPPING potion of degeneration.
  3146 | Temple   | Entered the Ecumenical Temple
  3239 | Temple   | 3239 ||| PLANNING OKAWARU WORSHIP
  3261 | Temple   | Became a worshipper of Warmaster Okawaru
  3262 | Temple   | 3262 ||| PLANNING D:1-11
  3349 | D:5      | Entered Level 5 of the Dungeon
  3356 | D:5      | Reached XP level 7. HP: 43/43 MP: 7/7
  3408 | D:5      | Found a runed translucent door.
  3409 | D:5      | Noticed Crazy Yiuf
  3568 | D:5      | Reached skill level 6 in Axes
  3619 | D:5      | 3619 ||| Stepping ~*~*~tactically~*~*~ (stealth).
  3623 | D:5      | Noticed Eustachio
  3628 | D:5      | Reached skill level 1 in Dodging
  3638 | D:5      | Killed Eustachio
  3638 | D:5      | Reached * piety under Okawaru
  3683 | D:5      | 3683 ||| INVOKING Heroism.
  3684 | D:5      | 3684 ||| INVOKING Heroism.
  3688 | D:5      | Reached XP level 8. HP: 48/48 MP: 5/8
  3758 | D:5      | 3758 ||| Stepping ~*~*~tactically~*~*~ (hiding).
  3772 | D:5      | Reached skill level 1 in Invocations
  3783 | D:5      | 3783 ||| INVOKING Heroism.
  3864 | D:5      | Identified the +6 quarterstaff "Ceill" {vorpal, rF+ Str+4
                  | SInv}
  4186 | D:5      | Found an opulent altar of Gozag.
  4364 | D:6      | 4364 ||| INVOKING Heroism.
  4371 | D:6      | Reached skill level 3 in Invocations
  4458 | D:6      | 4458 ||| INVOKING Heroism.
  4469 | D:6      | Reached skill level 5 in Fighting
  4476 | D:6      | 4476 ||| Stepping ~*~*~tactically~*~*~ (hiding).
  4482 | D:6      | 4482 ||| Stepping ~*~*~tactically~*~*~ (stealth).
  4491 | D:6      | 4491 ||| Stepping ~*~*~tactically~*~*~ (stealth).
  4498 | D:6      | Found a glowing golden altar of the Shining One.
  4583 | D:6      | You are sucked into a shaft and drop 3 floors!
  4588 | D:9      | Noticed a kobold demonologist
  4588 | D:9      | Noticed a kobold demonologist
  4589 | D:9      | 4589 ||| Stepping ~*~*~tactically~*~*~ (stealth).
  4591 | D:9      | 4591 ||| Stepping ~*~*~tactically~*~*~ (hiding).
  4593 | D:9      | 4593 ||| INVOKING Heroism.
  4596 | D:9      | Killed a kobold demonologist
  4597 | D:9      | Reached skill level 6 in Armour
  4597 | D:9      | Reached XP level 9. HP: 54/54 MP: 9/12
  4604 | D:9      | Killed a kobold demonologist
  4604 | D:9      | Reached ** piety under Okawaru
  4605 | D:9      | Reached skill level 3 in Throwing
  4691 | D:9      | 4691 ||| Stepping ~*~*~tactically~*~*~ (stealth).
  4697 | D:9      | 4697 ||| Stepping ~*~*~tactically~*~*~ (hiding).
  4702 | D:9      | 4702 ||| Stepping ~*~*~tactically~*~*~ (stealth).
  4712 | D:9      | 4712 ||| Stepping ~*~*~tactically~*~*~ (stealth).
  4715 | D:9      | 4715 ||| Stepping ~*~*~tactically~*~*~ (hiding).
  4718 | D:9      | 4718 ||| INVOKING Heroism.
  4744 | D:9      | Reached skill level 6 in Fighting
  4947 | D:9      | 4947 ||| INVOKING Heroism.
  5004 | D:9      | Found Beibruim's Distillery.
  5010 | D:9      | 5010 ||| BUYING 2 potions of cancellation (160 gold).
  5010 | D:9      | Bought 2 potions of cancellation for 160 gold pieces
  5010 | D:9      | 5010 ||| SHOPLISTING 2 potions of experience (1000 gold,
                  | have 257).
  5010 | D:9      | 5010 ||| BUYING potion of cancellation (80 gold).
  5010 | D:9      | Bought a potion of cancellation for 80 gold pieces
  5010 | D:9      | 5010 ||| BUYING potion of curing (30 gold).
  5010 | D:9      | Bought a potion of curing for 30 gold pieces
  5010 | D:9      | 5010 ||| BUYING potion of curing (30 gold).
  5010 | D:9      | Bought a potion of curing for 30 gold pieces
  5010 | D:9      | 5010 ||| BUYING potion of might (40 gold).
  5010 | D:9      | Bought a potion of might for 40 gold pieces
  5013 | D:9      | 5013 ||| UPGRADING to +0 helmet.
  5018 | D:9      | 5018 ||| READING scroll labelled CACYEX GOGH.
  5019 | D:9      | 5019 ||| READING scroll labelled GAGEFO OLIECY.
  5020 | D:9      | 5020 ||| READING scroll labelled ANEADORUXI.
  5021 | D:9      | 5021 ||| READING 8 scrolls of identify.
  5021 | D:9      | 5021 ||| IDENTIFYING fuming silvery potion
  5096 | D:8      | 5096 ||| Stepping ~*~*~tactically~*~*~ (stealth).
  5097 | D:8      | 5097 ||| Stepping ~*~*~tactically~*~*~ (stealth).
  5098 | D:8      | 5098 ||| Stepping ~*~*~tactically~*~*~ (hiding).
  5099 | D:8      | 5099 ||| Stepping ~*~*~tactically~*~*~ (stealth).
  5100 | D:8      | 5100 ||| Stepping ~*~*~tactically~*~*~ (hiding).
  5101 | D:8      | 5101 ||| Stepping ~*~*~tactically~*~*~ (stealth).
  5102 | D:8      | 5102 ||| Stepping ~*~*~tactically~*~*~ (hiding).
  5106 | D:8      | 5106 ||| INVOKING Heroism.
  5119 | D:8      | 5119 ||| Stepping ~*~*~tactically~*~*~ (stealth).
  5120 | D:8      | 5120 ||| Stepping ~*~*~tactically~*~*~ (stealth).
  5125 | D:8      | Reached skill level 9 in Axes
  5143 | D:8      | Reached *** piety under Okawaru
  5201 | D:8      | Noticed a hornet
  5213 | D:8      | Killed a hornet
  5214 | D:8      | Reached XP level 10. HP: 60/60 MP: 13/13
  5246 | D:8      | 5246 ||| DROPPING +0 mace of protection.
  5364 | D:7      | 5364 ||| READING 7 scrolls of identify.
  5364 | D:7      | 5364 ||| IDENTIFYING ruby potion
  5422 | D:6      | 5422 ||| Stepping ~*~*~tactically~*~*~ (hiding).
  5428 | D:6      | 5428 ||| INVOKING Heroism.
  5529 | D:6      | 5529 ||| READING scroll of acquirement.
  5529 | D:6      | 5529 ||| ACQUIRING +2 pair of gloves "Boer" {rF+}
  5529 | D:6      | Acquired the +2 pair of gloves "Boer" {rF+}
  5531 | D:6      | 5531 ||| UPGRADING to +2 pair of gloves "Boer" {rF+}.
  5937 | D:7      | Found a radiant altar of Vehumet.
  6077 | D:7      | 6077 ||| INVOKING Heroism.
  6088 | D:7      | Reached skill level 7 in Fighting
  6111 | D:7      | 6111 ||| Stepping ~*~*~tactically~*~*~ (hiding).
  6114 | D:7      | 6114 ||| Stepping ~*~*~tactically~*~*~ (hiding).
  6164 | D:7      | 6164 ||| Stepping ~*~*~tactically~*~*~ (hiding).
  6171 | D:7      | 6171 ||| Stepping ~*~*~tactically~*~*~ (stealth).
  6314 | D:7      | 6314 ||| Stepping ~*~*~tactically~*~*~ (stealth).
  6315 | D:7      | 6315 ||| Stepping ~*~*~tactically~*~*~ (stealth).
  6329 | D:7      | Reached **** piety under Okawaru
  6330 | D:7      | Reached skill level 9 in Armour
  6493 | D:7      | Noticed a manticore
  6494 | D:7      | 6494 ||| INVOKING Heroism.
  6498 | D:7      | Killed a manticore
  6651 | D:7      | 6651 ||| Stepping ~*~*~tactically~*~*~ (hiding).
  6769 | D:7      | 6769 ||| Stepping ~*~*~tactically~*~*~ (stealth).
  6824 | D:7      | 6824 ||| UPGRADING to +4 ring of evasion.
  6884 | D:8      | Received a gift from Okawaru
  6886 | D:8      | 6886 ||| INVOKING Heroism.
  7076 | D:8      | 7076 ||| INVOKING Heroism.
  7243 | D:8      | 7243 ||| READING 10 scrolls of identify.
  7243 | D:8      | 7243 ||| IDENTIFYING orange potion
  7244 | D:8      | 7244 ||| READING 9 scrolls of identify.
  7244 | D:8      | 7244 ||| IDENTIFYING smoky puce potion
  7245 | D:8      | 7245 ||| DROPPING potion of berserk rage.
  7246 | D:8      | 7246 ||| DROPPING potion of flight.
  7508 | D:9      | Reached skill level 6 in Invocations
  7579 | D:10     | Entered Level 10 of the Dungeon
  7584 | D:10     | Found a transporter.
  7588 | D:10     | Noticed Okhaekh's ghost (novice FoEE)
  7590 | D:10     | 7590 ||| INVOKING Heroism.
  7664 | D:10     | Noticed Sonja
  7669 | D:10     | 7669 ||| INVOKING Heroism.
  7671 | D:10     | Reached XP level 11. HP: 62/67 MP: 12/15
  7697 | D:10     | Killed Sonja
  7863 | D:10     | 7863 ||| READING scroll of enchant armour.
  7863 | D:10     | 7863 ||| ENCHANTING +0 helmet.
  7922 | D:10     | Noticed Fannar
  7924 | D:10     | Found a staircase to the Orcish Mines.
  7938 | D:10     | 7938 ||| INVOKING Heroism.
  7970 | D:10     | Killed Fannar
  7970 | D:10     | Reached ***** piety under Okawaru
  7971 | D:10     | Reached skill level 8 in Fighting
  7978 | D:10     | 7978 ||| Stepping ~*~*~tactically~*~*~ (stealth).
  8000 | D:10     | 8000 ||| FLEEEEING.
  8005 | D:10     | 8005 ||| FLEEEEING.
  8006 | D:10     | 8006 ||| FLEEEEING.
  8007 | D:10     | 8007 ||| FLEEEEING.
  8008 | D:10     | 8008 ||| FLEEEEING.
  8009 | D:10     | 8009 ||| FLEEEEING.
  8010 | D:10     | 8010 ||| FLEEEEING.
  8011 | D:10     | 8011 ||| FLEEEEING.
  8017 | D:10     | 8017 ||| FLEEEEING.
  8018 | D:10     | 8018 ||| FLEEEEING.
  8019 | D:10     | 8019 ||| FLEEEEING.
  8021 | D:10     | 8021 ||| FLEEEEING.
  8022 | D:10     | 8022 ||| FLEEEEING.
  8023 | D:10     | 8023 ||| FLEEEEING.
  8024 | D:10     | 8024 ||| FLEEEEING.
  8029 | D:10     | 8029 ||| STAIRDANCE
  8072 | D:9      | 8072 ||| UPGRADING to +6 ring of strength.
  8074 | D:9      | 8074 ||| DROPPING +6 ring of dexterity.
  8090 | D:10     | Found a transporter.
  8137 | D:10     | Found a staircase to the Lair.
  8139 | D:10     | 8139 ||| INVOKING Heroism.
  8332 | D:10     | 8332 ||| SWAPPING to +2 vampiric war axe.
  8333 | D:10     | 8333 ||| DROPPING +2 war axe of freezing.
  8345 | D:10     | Noticed a two-headed ogre
  8346 | D:10     | 8346 ||| INVOKING Heroism.
  8355 | D:10     | Killed a two-headed ogre
  8463 | D:10     | 8463 ||| PLANNING LAIR
  8523 | Lair:1   | Entered Level 1 of the Lair of Beasts
  8524 | Lair:1   | 8524 ||| INVOKING Heroism.
  8547 | Lair:1   | Reached skill level 9 in Invocations
  8588 | Lair:1   | 8588 ||| Stepping ~*~*~tactically~*~*~ (stealth).
  8615 | Lair:1   | 8615 ||| Stepping ~*~*~tactically~*~*~ (stealth).
  8618 | Lair:1   | 8618 ||| Stepping ~*~*~tactically~*~*~ (hiding).
  8628 | Lair:1   | Identified the +0 pair of gloves "Gucaing" {Str+9} (Okawaru
                  | gifted it to you on level 1 of the Lair of Beasts)
  8628 | Lair:1   | Received a gift from Okawaru
  8634 | Lair:1   | 8634 ||| INVOKING Heroism.
  8639 | Lair:1   | 8639 ||| Stepping ~*~*~tactically~*~*~ (stealth).
  8659 | Lair:1   | 8659 ||| INVOKING Heroism.
  8660 | Lair:1   | 8660 ||| Stepping ~*~*~tactically~*~*~ (stealth).
  8767 | Lair:1   | 8767 ||| Stepping ~*~*~tactically~*~*~ (stealth).
  8835 | Lair:1   | 8835 ||| Stepping ~*~*~tactically~*~*~ (stealth).
  8837 | Lair:1   | 8837 ||| INVOKING Heroism.
  8901 | Lair:1   | 8901 ||| Stepping ~*~*~tactically~*~*~ (stealth).
  8911 | Lair:1   | 8911 ||| Stepping ~*~*~tactically~*~*~ (stealth).
  8913 | Lair:1   | 8913 ||| Stepping ~*~*~tactically~*~*~ (stealth).
  8920 | Lair:1   | 8920 ||| INVOKING Heroism.
  8923 | Lair:1   | Reached XP level 12. HP: 73/73 MP: 16/19
  9047 | Lair:1   | 9047 ||| Stepping ~*~*~tactically~*~*~ (stealth).
  9048 | Lair:1   | 9048 ||| INVOKING Heroism.
  9458 | Lair:1   | 9458 ||| UPGRADING to +0 pair of gloves "Gucaing" {Str+9}.
  9468 | Lair:1   | 9468 ||| READING scroll labelled DYCAUDYPOWI.
  9469 | Lair:1   | 9469 ||| READING 9 scrolls of identify.
  9469 | Lair:1   | 9469 ||| IDENTIFYING metallic sapphire potion
  9470 | Lair:1   | 9470 ||| READING 8 scrolls of identify.
  9470 | Lair:1   | 9470 ||| IDENTIFYING brown potion
  9471 | Lair:1   | 9471 ||| DROPPING potion of brilliance.
  9671 | Lair:2   | 9671 ||| INVOKING Heroism.
  9711 | Lair:2   | 9711 ||| Stepping ~*~*~tactically~*~*~ (stealth).
  9713 | Lair:2   | Reached skill level 9 in Fighting
  9734 | Lair:2   | 9734 ||| DROPPING +0 flail.
  9776 | Lair:2   | 9776 ||| READING 2 scrolls of enchant weapon.
  9776 | Lair:2   | 9776 ||| ENCHANTING +2 vampiric war axe.
  9777 | Lair:2   | 9777 ||| READING scroll of enchant weapon.
  9777 | Lair:2   | 9777 ||| ENCHANTING +3 vampiric war axe.
  9784 | Lair:2   | 9784 ||| INVOKING Heroism.
  9980 | Lair:2   | Found a staircase to the Shoals.
  9981 | Lair:2   | 9981 ||| INVOKING Heroism.
 10020 | Lair:2   | Reached skill level 12 in Axes
 10335 | Lair:2   | 10335 ||| READING scroll labelled SAPLEYGAIC.
 10476 | Lair:3   | 10476 ||| Stepping ~*~*~tactically~*~*~ (stealth).
 10478 | Lair:3   | 10478 ||| Stepping ~*~*~tactically~*~*~ (stealth).
 10479 | Lair:3   | 10479 ||| Stepping ~*~*~tactically~*~*~ (stealth).
 10481 | Lair:3   | 10481 ||| Stepping ~*~*~tactically~*~*~ (stealth).
 10483 | Lair:3   | 10483 ||| Stepping ~*~*~tactically~*~*~ (stealth).
 10484 | Lair:3   | 10484 ||| INVOKING Heroism.
 10492 | Lair:3   | Received a gift from Okawaru
 10493 | Lair:3   | Reached skill level 6 in Shields
 10509 | Lair:3   | Found a hole to the Spider Nest.
 10640 | Lair:3   | 10640 ||| INVOKING Heroism.
 10674 | Lair:3   | 10674 ||| Stepping ~*~*~tactically~*~*~ (stealth).
 10675 | Lair:3   | 10675 ||| Stepping ~*~*~tactically~*~*~ (stealth).
 10676 | Lair:3   | 10676 ||| Stepping ~*~*~tactically~*~*~ (stealth).
 10678 | Lair:3   | 10678 ||| Stepping ~*~*~tactically~*~*~ (stealth).
 10686 | Lair:3   | 10686 ||| INVOKING Heroism.
 10768 | Lair:3   | 10768 ||| INVOKING Heroism.
 10774 | Lair:3   | Reached XP level 13. HP: 82/82 MP: 17/20
 10802 | Lair:3   | 10802 ||| Stepping ~*~*~tactically~*~*~ (stealth).
 10804 | Lair:3   | 10804 ||| INVOKING Finesse.
 10807 | Lair:3   | 10807 ||| Stepping ~*~*~tactically~*~*~ (stealth).
 10808 | Lair:3   | 10808 ||| Stepping ~*~*~tactically~*~*~ (stealth).
 10815 | Lair:3   | 10815 ||| Stepping ~*~*~tactically~*~*~ (stealth).
 10821 | Lair:3   | Reached skill level 10 in Fighting
 10845 | Lair:3   | 10845 ||| Stepping ~*~*~tactically~*~*~ (stealth).
 10849 | Lair:3   | 10849 ||| Stepping ~*~*~tactically~*~*~ (stealth).
 10855 | Lair:3   | 10855 ||| Stepping ~*~*~tactically~*~*~ (stealth).
 10958 | Lair:3   | 10958 ||| INVOKING Heroism.
 11049 | Lair:3   | 11049 ||| Stepping ~*~*~tactically~*~*~ (stealth).
 11297 | Lair:4   | 11297 ||| STAIRDANCE
 11451 | Lair:4   | 11451 ||| Stepping ~*~*~tactically~*~*~ (stealth).
 11452 | Lair:4   | 11452 ||| Stepping ~*~*~tactically~*~*~ (stealth).
 11455 | Lair:4   | 11455 ||| Stepping ~*~*~tactically~*~*~ (hiding).
 11458 | Lair:4   | 11458 ||| Stepping ~*~*~tactically~*~*~ (hiding).
 11463 | Lair:4   | 11463 ||| INVOKING Heroism.
 11575 | Lair:4   | 11575 ||| INVOKING Heroism.
 11576 | Lair:4   | 11576 ||| Stepping ~*~*~tactically~*~*~ (stealth).
 11595 | Lair:4   | 11595 ||| INVOKING Heroism.
 11596 | Lair:4   | 11596 ||| INVOKING Finesse.
 11778 | Lair:4   | 11778 ||| READING scroll of enchant weapon.
 11778 | Lair:4   | 11778 ||| ENCHANTING +4 vampiric war axe.
 11888 | Lair:4   | 11888 ||| INVOKING Heroism.
 11911 | Lair:4   | 11911 ||| Stepping ~*~*~tactically~*~*~ (stealth).
 11917 | Lair:4   | 11917 ||| Stepping ~*~*~tactically~*~*~ (stealth).
 11946 | Lair:4   | 11946 ||| READING scroll of enchant armour.
 11946 | Lair:4   | 11946 ||| ENCHANTING +1 helmet.
 11955 | Lair:4   | 11955 ||| READING scroll of enchant weapon.
 11955 | Lair:4   | 11955 ||| ENCHANTING +5 vampiric war axe.
 12179 | Lair:5   | Entered Level 5 of the Lair of Beasts
 12180 | Lair:5   | 12180 ||| PLANNING GAUNTLET
 12180 | Lair:5   | 12180 ||| INVOKING Heroism.
 12182 | Lair:5   | 12182 ||| Stepping ~*~*~tactically~*~*~ (stealth).
 12189 | Lair:5   | 12189 ||| INVOKING Finesse.
 12194 | Lair:5   | 12194 ||| SWAPPING to +2 flail of pain.
 12211 | Lair:5   | Reached skill level 12 in Armour
 12212 | Lair:5   | Received a gift from Okawaru
 12217 | Lair:5   | HP: 19/83 [manticore (3)]
 12218 | Lair:5   | 12218 ||| READING 11 scrolls of teleportation.
 12218 | Lair:5   | HP: 4/83 [manticore (15)]
 12219 | Lair:5   | 12219 ||| DRINKING 8 potions of heal wounds.
 12222 | Lair:5   | 12222 ||| SWAPPING to +6 vampiric war axe.
 12226 | Lair:5   | 12226 ||| Stepping ~*~*~tactically~*~*~ (hiding).
 12227 | Lair:5   | 12227 ||| INVOKING Heroism.
 12228 | Lair:5   | 12228 ||| Stepping ~*~*~tactically~*~*~ (stealth).
 12229 | Lair:5   | 12229 ||| Stepping ~*~*~tactically~*~*~ (hiding).
 12252 | Lair:5   | 12252 ||| Stepping ~*~*~tactically~*~*~ (stealth).
 12265 | Lair:5   | 12265 ||| Stepping ~*~*~tactically~*~*~ (stealth).
 12269 | Lair:5   | Noticed Urug
 12270 | Lair:5   | 12270 ||| INVOKING Finesse.
 12289 | Lair:5   | Killed Urug
 12289 | Lair:5   | Received a gift from Okawaru
 12322 | Lair:5   | 12322 ||| DROPPING +2 flail of pain.
 12323 | Lair:5   | Found a staircase to the Slime Pits.
 12336 | Lair:5   | 12336 ||| INVOKING Heroism.
 12397 | Lair:5   | Found a gate leading to a gauntlet.
 12404 | Gauntlet | Entered a Gauntlet
 12404 | Gauntlet | Found a transporter.
 12414 | Gauntlet | Found a transporter.
 12428 | Gauntlet | Found a transporter.
 12433 | Gauntlet | Found a transporter.
 12448 | Gauntlet | Found a transporter.
 12468 | Gauntlet | Found a transporter.
 12488 | Gauntlet | Found a transporter.
 12488 | Gauntlet | Found a transporter.
 12498 | Gauntlet | Found a transporter.
 12507 | Gauntlet | Found a transporter.
 12519 | Gauntlet | Found a transporter.
 12525 | Gauntlet | Found a transporter.
 12525 | Gauntlet | Found a transporter.
 12527 | Gauntlet | Found a transporter.
 12544 | Gauntlet | Found a transporter.
 12561 | Gauntlet | Found a transporter.
 12580 | Gauntlet | Found a transporter.
 12605 | Gauntlet | Found a transporter.
 12828 | Gauntlet | 12828 ||| Stepping ~*~*~tactically~*~*~ (hiding).
 12882 | Gauntlet | 12882 ||| INVOKING Heroism.
 12889 | Gauntlet | Gained mutation: Your large and strong wings let you fly.
                  | [Gargoyle growth]
 12889 | Gauntlet | Reached XP level 14. HP: 86/88 MP: 18/21
 12911 | Gauntlet | 12911 ||| Stepping randomly (stuck).
 12912 | Gauntlet | 12912 ||| Stepping randomly (stuck).
 12913 | Gauntlet | 12913 ||| Stepping randomly (stuck).
 12915 | Gauntlet | 12915 ||| Stepping randomly (stuck).
 12917 | Gauntlet | 12917 ||| Stepping randomly (stuck).
 12919 | Gauntlet | 12919 ||| Stepping randomly (stuck).
 12921 | Gauntlet | 12921 ||| Stepping randomly (stuck).
 12923 | Gauntlet | 12923 ||| Stepping randomly (stuck).
 12925 | Gauntlet | 12925 ||| Stepping randomly (stuck).
 12961 | Gauntlet | Identified the +6 shortbow of Mulepril {freeze, +Blink
                  | rPois rF- Str+3}
 12962 | Gauntlet | 12962 ||| INVOKING Heroism.
 12963 | Gauntlet | 12963 ||| INVOKING Finesse.
 12981 | Gauntlet | Reached skill level 11 in Fighting
 13082 | Gauntlet | 13082 ||| READING scroll labelled TEONUK ZILEI.
 13093 | Lair:5   | 13093 ||| PLANNING LAIR
 13231 | Lair:5   | 13231 ||| INVOKING Heroism.
 13232 | Lair:5   | 13232 ||| Stepping ~*~*~tactically~*~*~ (stealth).
 13233 | Lair:5   | 13233 ||| INVOKING Finesse.
 13308 | Lair:5   | 13308 ||| INVOKING Heroism.
 13353 | Lair:5   | 13353 ||| INVOKING Heroism.
 13354 | Lair:5   | 13354 ||| INVOKING Finesse.
 13356 | Lair:5   | Paralysed by a floating eye for 3 turns
 13362 | Lair:5   | Paralysed by a floating eye for 4 turns
 13405 | Lair:5   | 13405 ||| INVOKING Heroism.
 13406 | Lair:5   | 13406 ||| INVOKING Finesse.
 13460 | Lair:5   | 13460 ||| INVOKING Heroism.
 13471 | Lair:5   | Reached skill level 6 in Throwing
 13512 | Lair:5   | Noticed Kirke
 13513 | Lair:5   | 13513 ||| INVOKING Heroism.
 13516 | Lair:5   | 13516 ||| DRINKING 3 potions of cancellation.
 13534 | Lair:5   | Noticed a sphinx
 13535 | Lair:5   | Killed Kirke
 14005 | Lair:5   | 14005 ||| INVOKING Heroism.
 14006 | Lair:5   | 14006 ||| INVOKING Finesse.
 14008 | Lair:5   | 14008 ||| Stepping ~*~*~tactically~*~*~ (hiding).
 14066 | Lair:5   | Identified the +8 trident "Ruith" {drain, rF- Str+4 Stlth+}
 14110 | Lair:5   | 14110 ||| Stepping ~*~*~tactically~*~*~ (hiding).
 14511 | Lair:5   | 14511 ||| PLANNING D:1-11
 14511 | Lair:5   | 14511 ||| DROPPING ring of wizardry.
 14512 | Lair:5   | 14512 ||| DRINKING 2 smoky blue potions.
 14513 | Lair:5   | 14513 ||| DRINKING potion of experience.
 14513 | Lair:5   | Reached skill level 15 in Axes
 14513 | Lair:5   | Reached XP level 15. HP: 94/94 MP: 22/22
 14645 | D:11     | 14645 ||| Stepping ~*~*~tactically~*~*~ (stealth).
 14657 | D:11     | 14657 ||| Stepping ~*~*~tactically~*~*~ (stealth).
 14725 | D:11     | 14725 ||| READING scroll of acquirement.
 14725 | D:11     | 14725 ||| ACQUIRING +1 cloak of Starlight {*Dazzle EV+4
                  | Stlth--}
 14725 | D:11     | Acquired the +1 cloak of Starlight {*Dazzle EV+4 Stlth--}
 14725 | D:11     | Found the +1 cloak of Starlight {*Dazzle EV+4 Stlth--}
 14727 | D:11     | 14727 ||| UPGRADING to +1 cloak of Starlight {*Dazzle EV+4
                  | Stlth--}.
 14884 | D:11     | 14884 ||| Stepping ~*~*~tactically~*~*~ (stealth).
 14895 | D:11     | Received a gift from Okawaru
 15066 | D:11     | 15066 ||| READING scroll of enchant weapon.
 15066 | D:11     | 15066 ||| ENCHANTING +6 vampiric war axe.
 15160 | D:11     | 15160 ||| Stepping ~*~*~tactically~*~*~ (stealth).
 15413 | D:11     | 15413 ||| PLANNING D
 15449 | D:12     | 15449 ||| Stepping ~*~*~tactically~*~*~ (stealth).
 15450 | D:12     | 15450 ||| Stepping ~*~*~tactically~*~*~ (stealth).
 15452 | D:12     | 15452 ||| Stepping ~*~*~tactically~*~*~ (stealth).
 15456 | D:12     | 15456 ||| INVOKING Heroism.
 15505 | D:12     | 15505 ||| Stepping ~*~*~tactically~*~*~ (stealth).
 15509 | D:12     | 15509 ||| INVOKING Heroism.
 15572 | D:12     | 15572 ||| Stepping ~*~*~tactically~*~*~ (stealth).
 15574 | D:12     | 15574 ||| Stepping ~*~*~tactically~*~*~ (stealth).
 15576 | D:12     | 15576 ||| Stepping ~*~*~tactically~*~*~ (stealth).
 15597 | D:12     | 15597 ||| Stepping ~*~*~tactically~*~*~ (stealth).
 15766 | D:12     | 15766 ||| Stepping ~*~*~tactically~*~*~ (hiding).
 15775 | D:12     | 15775 ||| INVOKING Heroism.
 15804 | D:12     | 15804 ||| Stepping ~*~*~tactically~*~*~ (hiding).
 15833 | D:12     | Noticed Erolcha
 15838 | D:12     | Killed Erolcha
 15839 | D:12     | Reached skill level 12 in Fighting
 16292 | D:12     | 16292 ||| UPGRADING to +1 kite shield of reflection.
 16302 | D:12     | 16302 ||| DROPPING +0 buckler.
 16303 | D:12     | 16303 ||| DROPPING amulet of magic regeneration.
 16304 | D:12     | 16304 ||| DROPPING ring of ice.
 16305 | D:12     | 16305 ||| UPGRADING to +4 ring of protection.
 16307 | D:12     | 16307 ||| DROPPING +6 ring of strength.
 16335 | D:13     | 16335 ||| Stepping ~*~*~tactically~*~*~ (stealth).
 16336 | D:13     | 16336 ||| Stepping ~*~*~tactically~*~*~ (stealth).
 16344 | D:13     | Received a gift from Okawaru
 16380 | D:13     | 16380 ||| Stepping ~*~*~tactically~*~*~ (hiding).
 16388 | D:13     | Gained mutation: You are weak. (Str -2) [a shining eye]
 16419 | D:13     | Found a gate to the Vaults.
 16536 | D:13     | Found a white marble altar of Elyvilon.
 16565 | D:13     | 16565 ||| Stepping ~*~*~tactically~*~*~ (stealth).
 16619 | D:13     | 16619 ||| Stepping ~*~*~tactically~*~*~ (stealth).
 16626 | D:13     | 16626 ||| INVOKING Heroism.
 16999 | D:13     | 16999 ||| DROPPING ring of willpower.
 17019 | D:14     | Noticed Nessos
 17020 | D:14     | 17020 ||| INVOKING Finesse.
 17032 | D:14     | Killed Nessos
 17072 | D:14     | 17072 ||| Stepping ~*~*~tactically~*~*~ (hiding).
 17085 | D:14     | 17085 ||| INVOKING Heroism.
 17088 | D:14     | Reached XP level 16. HP: 96/101 MP: 20/23
 17108 | D:14     | Reached skill level 9 in Shields
 17142 | D:14     | Received a gift from Okawaru
 17169 | D:14     | 17169 ||| INVOKING Heroism.
 17195 | D:14     | 17195 ||| INVOKING Heroism.
 17227 | D:14     | 17227 ||| Stepping ~*~*~tactically~*~*~ (hiding).
 17228 | D:14     | 17228 ||| Stepping ~*~*~tactically~*~*~ (hiding).
 17267 | D:14     | Found a runed translucent gate.
 17268 | D:14     | Found a runed translucent gate.
 17268 | D:14     | Noticed Nouqea's ghost (journeyman GrFi)
 17270 | D:14     | Found a runed translucent gate.
 17320 | D:14     | 17320 ||| Stepping ~*~*~tactically~*~*~ (hiding).
 17322 | D:14     | 17322 ||| Stepping ~*~*~tactically~*~*~ (hiding).
 17323 | D:14     | 17323 ||| Stepping ~*~*~tactically~*~*~ (hiding).
 17355 | D:14     | 17355 ||| FLEEEEING.
 17356 | D:14     | 17356 ||| FLEEEEING.
 17357 | D:14     | 17357 ||| FLEEEEING.
 17358 | D:14     | 17358 ||| FLEEEEING.
 17491 | D:14     | 17491 ||| INVOKING Heroism.
 17651 | D:15     | Entered Level 15 of the Dungeon
 17716 | D:15     | Noticed Agnes
 17717 | D:15     | 17717 ||| INVOKING Heroism.
 17718 | D:15     | 17718 ||| INVOKING Finesse.
 17725 | D:15     | Killed Agnes
 18240 | D:15     | Found a gateway to a bazaar.
 18241 | D:15     | 18241 ||| PLANNING BAZAAR
 18245 | Bazaar   | Entered a bazaar
 18253 | Bazaar   | Found Meos's Book Emporium.
 18253 | Bazaar   | Found Kedodet's Jewellery Shoppe.
 18262 | Bazaar   | 18262 ||| BUYING amulet of Baqak {RegenMP -Tele rElec
                  | Regen+ Str+4} (544 gold).
 18262 | Bazaar   | Bought the amulet of Baqak {RegenMP -Tele rElec Regen+
                  | Str+4} for 544 gold pieces
 18272 | D:15     | 18272 ||| PLANNING D
 18332 | D:15     | 18332 ||| Stepping ~*~*~tactically~*~*~ (hiding).
 18336 | D:15     | 18336 ||| INVOKING Heroism.
 18353 | D:15     | Found a staircase to the Depths.
 18447 | D:15     | 18447 ||| PLANNING ORC
 18601 | Orc:1    | Entered Level 1 of the Orcish Mines
 18602 | Orc:1    | 18602 ||| INVOKING Heroism.
 18680 | Orc:1    | 18680 ||| INVOKING Heroism.
 18721 | Orc:1    | Found a bloodstained altar of Trog.
 18839 | Orc:2    | Entered Level 2 of the Orcish Mines
 18840 | Orc:2    | 18840 ||| INVOKING Heroism.
 18996 | Orc:2    | 18996 ||| Stepping ~*~*~tactically~*~*~ (stealth).
 18998 | Orc:2    | 18998 ||| Stepping ~*~*~tactically~*~*~ (hiding).
 19028 | Orc:2    | Found a staircase to the Elven Halls.
 19053 | Orc:2    | 19053 ||| INVOKING Heroism.
 19193 | Orc:2    | 19193 ||| INVOKING Heroism.
 19196 | Orc:2    | 19196 ||| DRINKING 13 potions of curing.
 19196 | Orc:2    | 19196 ||| (to cure confusion)
 19251 | Orc:2    | 19251 ||| INVOKING Heroism.
 19264 | Orc:2    | Reached skill level 12 in Shields
 19275 | Orc:2    | 19275 ||| Stepping ~*~*~tactically~*~*~ (stealth).
 19279 | Orc:2    | 19279 ||| Stepping ~*~*~tactically~*~*~ (hiding).
 19297 | Orc:2    | 19297 ||| Stepping ~*~*~tactically~*~*~ (hiding).
 19298 | Orc:2    | 19298 ||| Stepping ~*~*~tactically~*~*~ (hiding).
 19562 | Orc:2    | 19562 ||| Stepping ~*~*~tactically~*~*~ (hiding).
 19566 | Orc:2    | 19566 ||| INVOKING Heroism.
 19568 | Orc:2    | 19568 ||| Stepping ~*~*~tactically~*~*~ (hiding).
 19570 | Orc:2    | 19570 ||| Stepping ~*~*~tactically~*~*~ (hiding).
 19581 | Orc:2    | 19581 ||| Stepping ~*~*~tactically~*~*~ (hiding).
 19589 | Orc:2    | 19589 ||| Stepping ~*~*~tactically~*~*~ (hiding).
 19595 | Orc:2    | Paralysed by an orc sorcerer for 4 turns
 19600 | Orc:2    | 19600 ||| INVOKING Heroism.
 19605 | Orc:2    | 19605 ||| INVOKING Finesse.
 19616 | Orc:2    | Received a gift from Okawaru
 19668 | Orc:2    | Found Wucs's Magic Scroll Shoppe.
 19668 | Orc:2    | Found Peatt's Jewellery Shop.
 19670 | Orc:2    | Found Ateisch's Magic Scroll Shoppe.
 19670 | Orc:2    | Found Enasch's Antique Armour Shop.
 19676 | Orc:2    | 19676 ||| BUYING scroll of enchant weapon (82 gold).
 19676 | Orc:2    | Bought a scroll of enchant weapon for 82 gold pieces
 19676 | Orc:2    | 19676 ||| BUYING scroll of teleportation (33 gold).
 19676 | Orc:2    | Bought a scroll of teleportation for 33 gold pieces
 19676 | Orc:2    | 19676 ||| BUYING scroll of teleportation (33 gold).
 19676 | Orc:2    | Bought a scroll of teleportation for 33 gold pieces
 19676 | Orc:2    | 19676 ||| READING scroll of enchant weapon.
 19676 | Orc:2    | 19676 ||| ENCHANTING +7 vampiric war axe.
 19680 | Orc:2    | 19680 ||| BUYING scroll of enchant weapon (112 gold).
 19680 | Orc:2    | Bought a scroll of enchant weapon for 112 gold pieces
 19680 | Orc:2    | 19680 ||| BUYING scroll of enchant weapon (112 gold).
 19680 | Orc:2    | Bought a scroll of enchant weapon for 112 gold pieces
 19680 | Orc:2    | 19680 ||| READING 2 scrolls of enchant weapon.
 19680 | Orc:2    | 19680 ||| ENCHANTING +8 vampiric war axe.
 19684 | Orc:2    | 19684 ||| BUYING amulet of regeneration (540 gold).
 19684 | Orc:2    | Bought an amulet of regeneration for 540 gold pieces
 19684 | Orc:2    | 19684 ||| BUYING ring of protection from fire (450 gold).
 19684 | Orc:2    | Bought a ring of protection from fire for 450 gold pieces
 19800 | Orc:2    | 19800 ||| UPGRADING to amulet of regeneration.
 19876 | Orc:1    | Noticed Josephine
 19877 | Orc:1    | 19877 ||| INVOKING Heroism.
 19889 | Orc:1    | Killed Josephine
 19889 | Orc:1    | Received a gift from Okawaru
 19991 | Orc:1    | 19991 ||| PLANNING SPIDER:1-3
 20147 | Spider:1 | Entered Level 1 of the Spider Nest
 20378 | Spider:1 | 20378 ||| INVOKING Heroism.
 20407 | Spider:1 | Received a gift from Okawaru
 20428 | Spider:1 | 20428 ||| INVOKING Heroism.
 20429 | Spider:1 | 20429 ||| INVOKING Finesse.
 20432 | Spider:1 | 20432 ||| Stepping ~*~*~tactically~*~*~ (hiding).
 20455 | Spider:1 | 20455 ||| READING 14 scrolls of teleportation.
 20459 | Spider:1 | You are sucked into a shaft and drop 1 floor!
 20463 | Spider:2 | 20463 ||| INVOKING Finesse.
 20537 | Spider:2 | 20537 ||| Stepping ~*~*~tactically~*~*~ (stealth).
 20539 | Spider:2 | 20539 ||| Stepping ~*~*~tactically~*~*~ (hiding).
 20540 | Spider:2 | 20540 ||| INVOKING Heroism.
 20542 | Spider:2 | 20542 ||| Stepping ~*~*~tactically~*~*~ (stealth).
 20543 | Spider:2 | 20543 ||| DRINKING 12 potions of curing.
 20543 | Spider:2 | 20543 ||| (to cure confusion)
 20783 | Spider:1 | 20783 ||| Stepping ~*~*~tactically~*~*~ (stealth).
 20788 | Spider:1 | 20788 ||| Stepping ~*~*~tactically~*~*~ (stealth).
 20827 | Spider:1 | 20827 ||| Stepping ~*~*~tactically~*~*~ (stealth).
 20829 | Spider:1 | 20829 ||| Stepping ~*~*~tactically~*~*~ (stealth).
 20830 | Spider:1 | 20830 ||| Stepping ~*~*~tactically~*~*~ (stealth).
 20835 | Spider:1 | 20835 ||| INVOKING Heroism.
 20875 | Spider:1 | Noticed Donald
 20876 | Spider:1 | 20876 ||| INVOKING Heroism.
 20877 | Spider:1 | 20877 ||| INVOKING Finesse.
 20886 | Spider:1 | Reached skill level 15 in Armour
 20886 | Spider:1 | Killed Donald
 20894 | Spider:1 | Identified the +6 chain mail "Dageulor" {rPois Str+4
                  | Stlth+} (Okawaru gifted it to you on level 1 of the Spider
                  | Nest)
 20894 | Spider:1 | Received a gift from Okawaru
 20957 | Spider:1 | 20957 ||| Stepping ~*~*~tactically~*~*~ (stealth).
 21178 | Spider:1 | 21178 ||| Stepping ~*~*~tactically~*~*~ (hiding).
 21182 | Spider:1 | 21182 ||| INVOKING Finesse.
 21222 | Spider:1 | 21222 ||| READING scroll of acquirement.
 21222 | Spider:1 | 21222 ||| ACQUIRING +1 kite shield of the Weak God {rC+
                  | Regen+ Dex-5}
 21222 | Spider:1 | Acquired the +1 kite shield of the Weak God {rC+ Regen+
                  | Dex-5}
 21224 | Spider:1 | 21224 ||| UPGRADING to +1 kite shield of the Weak God {rC+
                  | Regen+ Dex-5}.
 21234 | Spider:1 | 21234 ||| DROPPING +1 kite shield of reflection.
 21237 | Spider:1 | 21237 ||| Stepping ~*~*~tactically~*~*~ (stealth).
 21239 | Spider:1 | 21239 ||| Stepping ~*~*~tactically~*~*~ (hiding).
 21245 | Spider:1 | 21245 ||| INVOKING Finesse.
 21425 | Spider:1 | 21425 ||| Stepping ~*~*~tactically~*~*~ (stealth).
 21438 | Spider:1 | 21438 ||| Stepping ~*~*~tactically~*~*~ (stealth).
 21661 | Spider:2 | 21661 ||| Stepping ~*~*~tactically~*~*~ (hiding).
 21663 | Spider:2 | 21663 ||| INVOKING Heroism.
 21681 | Spider:2 | 21681 ||| INVOKING Finesse.
 21694 | Spider:2 | Reached XP level 17. HP: 99/108 MP: 19/24
 21694 | Spider:2 | 21694 ||| DRINKING 14 potions of curing.
 21694 | Spider:2 | 21694 ||| (to cure confusion)
 21714 | Spider:2 | Reached skill level 13 in Fighting
 21768 | Spider:2 | 21768 ||| FLEEEEING.
 21769 | Spider:2 | 21769 ||| FLEEEEING.
 21770 | Spider:2 | 21770 ||| FLEEEEING.
 21923 | Spider:2 | 21923 ||| Stepping ~*~*~tactically~*~*~ (stealth).
 21979 | Spider:2 | 21979 ||| FLEEEEING.
 21980 | Spider:2 | 21980 ||| FLEEEEING.
 21981 | Spider:2 | 21981 ||| FLEEEEING.
 21982 | Spider:2 | 21982 ||| FLEEEEING.
 21983 | Spider:2 | 21983 ||| FLEEEEING.
 21984 | Spider:2 | 21984 ||| FLEEEEING.
 21985 | Spider:2 | 21985 ||| FLEEEEING.
 21986 | Spider:2 | 21986 ||| FLEEEEING.
 21987 | Spider:2 | 21987 ||| FLEEEEING.
 21988 | Spider:2 | 21988 ||| FLEEEEING.
 21989 | Spider:2 | 21989 ||| FLEEEEING.
 21990 | Spider:2 | 21990 ||| FLEEEEING.
 21991 | Spider:2 | 21991 ||| FLEEEEING.
 21992 | Spider:2 | 21992 ||| FLEEEEING.
 21993 | Spider:2 | 21993 ||| FLEEEEING.
 21994 | Spider:2 | 21994 ||| FLEEEEING.
 21995 | Spider:2 | 21995 ||| FLEEEEING.
 21996 | Spider:2 | 21996 ||| FLEEEEING.
 21997 | Spider:2 | 21997 ||| FLEEEEING.
 21998 | Spider:2 | 21998 ||| FLEEEEING.
 21999 | Spider:2 | 21999 ||| FLEEEEING.
 22001 | Spider:2 | 22001 ||| FLEEEEING.
 22638 | Spider:2 | 22638 ||| INVOKING Heroism.
 22697 | Spider:2 | 22697 ||| DROPPING +2 helmet.
 22768 | Spider:3 | 22768 ||| Stepping ~*~*~tactically~*~*~ (hiding).
 22838 | Spider:3 | 22838 ||| FLEEEEING.
 22839 | Spider:3 | 22839 ||| FLEEEEING.
 22840 | Spider:3 | 22840 ||| FLEEEEING.
 22841 | Spider:3 | 22841 ||| FLEEEEING.
 22968 | Spider:3 | 22968 ||| Stepping ~*~*~tactically~*~*~ (stealth).
 22970 | Spider:3 | 22970 ||| Stepping ~*~*~tactically~*~*~ (stealth).
 23022 | Spider:3 | 23022 ||| INVOKING Heroism.
 23409 | Spider:3 | 23409 ||| Stepping ~*~*~tactically~*~*~ (stealth).
 23425 | Spider:3 | 23425 ||| Stepping ~*~*~tactically~*~*~ (stealth).
 23427 | Spider:3 | 23427 ||| Stepping ~*~*~tactically~*~*~ (stealth).
 23431 | Spider:3 | 23431 ||| INVOKING Heroism.
 23597 | Spider:3 | 23597 ||| PLANNING SHOALS:1-3
 23694 | Shoals:1 | Entered Level 1 of the Shoals
 23695 | Shoals:1 | Found Jess's Jewellery Shop.
 23699 | Shoals:1 | 23699 ||| INVOKING Heroism.
 23765 | Shoals:1 | 23765 ||| INVOKING Heroism.
 23772 | Shoals:1 | Reached skill level 14 in Fighting
 23847 | Shoals:1 | Noticed Roxanne
 23848 | Shoals:1 | 23848 ||| INVOKING Heroism.
 23849 | Shoals:1 | 23849 ||| INVOKING Finesse.
 23877 | Shoals:1 | Killed Roxanne
 24253 | Shoals:1 | 24253 ||| INVOKING Heroism.
 24254 | Shoals:1 | 24254 ||| INVOKING Finesse.
 24380 | Shoals:1 | Found Vekkymp's Vocational Training.
 24380 | Shoals:1 | Noticed Louise
 24391 | Shoals:1 | 24391 ||| INVOKING Heroism.
 24392 | Shoals:1 | 24392 ||| INVOKING Finesse.
 24412 | Shoals:1 | Killed Louise
 24412 | Shoals:1 | Received a gift from Okawaru
 24567 | Shoals:1 | 24567 ||| UPGRADING to +0 tower shield.
 24577 | Shoals:1 | 24577 ||| DROPPING +1 kite shield of the Weak God {rC+
                  | Regen+ Dex-5}.
 24754 | Shoals:2 | 24754 ||| INVOKING Heroism.
 24774 | Shoals:2 | 24774 ||| INVOKING Heroism.
 24842 | Shoals:2 | 24842 ||| INVOKING Heroism.
 24927 | Shoals:2 | 24927 ||| INVOKING Heroism.
 24956 | Shoals:2 | 24956 ||| INVOKING Heroism.
 24987 | Shoals:2 | Identified the +10 bardiche of Watchfulness {freeze, Drain
                  | Fragile MP+9 Str+6}
 25100 | Shoals:2 | Reached XP level 18. HP: 116/116 MP: 25/25
 25100 | Shoals:2 | 25100 ||| DROPPING +0 eveningstar of draining.
 25125 | Shoals:2 | 25125 ||| INVOKING Heroism.
 25181 | Shoals:2 | Reached skill level 15 in Shields
 25184 | Shoals:2 | 25184 ||| INVOKING Heroism.
 25239 | Shoals:2 | 25239 ||| INVOKING Heroism.
 25462 | Shoals:1 | 25462 ||| SHOPLISTING ring of Creativity {rC+ Str+3 Dex+5}
                  | (732 gold, have 687).
 25493 | Shoals:3 | 25493 ||| INVOKING Heroism.
 25504 | Shoals:3 | 25504 ||| INVOKING Finesse.
 25505 | Shoals:3 | 25505 ||| INVOKING Finesse.
 25531 | Shoals:3 | 25531 ||| INVOKING Heroism.
 25685 | Shoals:3 | 25685 ||| INVOKING Heroism.
 25759 | Shoals:3 | 25759 ||| INVOKING Heroism.
 25973 | Shoals:3 | 25973 ||| INVOKING Heroism.
 25995 | Shoals:3 | 25995 ||| Stepping ~*~*~tactically~*~*~ (stealth).
 25997 | Shoals:3 | 25997 ||| Stepping ~*~*~tactically~*~*~ (hiding).
 26016 | Shoals:3 | Found a hide-covered altar of Uskayaw.
 26039 | Shoals:3 | Found the +8 storm bow {elec, penet}
 26068 | Shoals:3 | 26068 ||| INVOKING Heroism.
 26114 | Shoals:3 | Noticed Polyphemus
 26115 | Shoals:3 | 26115 ||| Stepping ~*~*~tactically~*~*~ (hiding).
 26118 | Shoals:3 | 26118 ||| INVOKING Heroism.
 26125 | Shoals:3 | Killed Polyphemus
 26171 | Shoals:3 | Reached skill level 3 in Dodging
 26198 | Shoals:3 | Paralysed by a meliai for 3 turns
 26204 | Shoals:3 | 26204 ||| INVOKING Heroism.
 26348 | Shoals:3 | 26348 ||| INVOKING Heroism.
 26349 | Shoals:3 | 26349 ||| INVOKING Finesse.
 26534 | Shoals:3 | 26534 ||| PLANNING SPIDER:4
 26741 | Spider:4 | Entered Level 4 of the Spider Nest
 26827 | Spider:4 | 26827 ||| INVOKING Heroism.
 26881 | Spider:4 | Received a gift from Okawaru
 26888 | Spider:4 | 26888 ||| Stepping ~*~*~tactically~*~*~ (hiding).
 26891 | Spider:4 | 26891 ||| INVOKING Heroism.
 26929 | Spider:4 | Identified the +7 broad axe of Valour {vamp, Contam +Blink
                  | rC+ Int+2} (Okawaru gifted it to you on level 4 of the
                  | Spider Nest)
 26929 | Spider:4 | Received a gift from Okawaru
 26952 | Spider:4 | 26952 ||| INVOKING Heroism.
 26963 | Spider:4 | 26963 ||| INVOKING Finesse.
 26982 | Spider:4 | Reached skill level 18 in Shields
 27012 | Spider:4 | 27012 ||| INVOKING Finesse.
 27060 | Spider:4 | 27060 ||| INVOKING Finesse.
 27188 | Spider:4 | 27188 ||| Stepping ~*~*~tactically~*~*~ (stealth).
 27226 | Spider:4 | 27226 ||| SWAPPING to +7 broad axe of Valour {vamp, Contam
                  | +Blink rC+ Int+2}.
 27227 | Spider:4 | 27227 ||| DROPPING +4 broad axe.
 27228 | Spider:4 | 27228 ||| DROPPING +9 vampiric war axe.
 27410 | Spider:4 | 27410 ||| Stepping ~*~*~tactically~*~*~ (stealth).
 27445 | Spider:4 | Identified the ring of Qaogoam {rElec rN+ Str-3 Dex+4}
 27515 | Spider:4 | 27515 ||| Stepping ~*~*~tactically~*~*~ (stealth).
 27516 | Spider:4 | 27516 ||| Stepping ~*~*~tactically~*~*~ (stealth).
 27616 | Spider:4 | 27616 ||| Stepping ~*~*~tactically~*~*~ (stealth).
 27826 | Spider:4 | Got a gossamer rune of Zot
 27973 | Spider:4 | 27973 ||| PLANNING VAULTS:1-4
 27973 | Spider:4 | 27973 ||| DROPPING +2 pair of gloves of stealth.
 27974 | Spider:4 | 27974 ||| UPGRADING to +2 hat of willpower.
 27984 | Spider:4 | 27984 ||| DROPPING ring of Qaogoam {rElec rN+ Str-3 Dex+4}.
 28236 | Vaults:1 | Entered Level 1 of the Vaults
 28400 | Vaults:1 | Reached XP level 19. HP: 95/121 MP: 26/26
 28439 | Vaults:1 | 28439 ||| Stepping ~*~*~tactically~*~*~ (hiding).
 28450 | Vaults:1 | 28450 ||| INVOKING Heroism.
 28463 | Vaults:1 | 28463 ||| INVOKING Heroism.
 28520 | Vaults:1 | 28520 ||| INVOKING Heroism.
 28540 | Vaults:1 | Received a gift from Okawaru
 28810 | Vaults:1 | 28810 ||| Stepping ~*~*~tactically~*~*~ (hiding).
 28814 | Vaults:1 | 28814 ||| INVOKING Heroism.
 28824 | Vaults:1 | Reached ****** piety under Okawaru
 28828 | Vaults:1 | Received a gift from Okawaru
 28838 | Vaults:1 | 28838 ||| Stepping ~*~*~tactically~*~*~ (stealth).
 28839 | Vaults:1 | 28839 ||| Stepping ~*~*~tactically~*~*~ (stealth).
 28843 | Vaults:1 | 28843 ||| Stepping ~*~*~tactically~*~*~ (stealth).
 28896 | Vaults:1 | 28896 ||| Stepping ~*~*~tactically~*~*~ (stealth).
 28897 | Vaults:1 | 28897 ||| Stepping ~*~*~tactically~*~*~ (stealth).
 28920 | Vaults:1 | 28920 ||| INVOKING Heroism.
 29351 | Vaults:1 | 29351 ||| INVOKING Heroism.
 29365 | Vaults:1 | Reached skill level 18 in Axes
 29609 | Vaults:1 | 29609 ||| Stepping ~*~*~tactically~*~*~ (stealth).
 29618 | Vaults:1 | 29618 ||| INVOKING Heroism.
 29684 | Vaults:1 | 29684 ||| Stepping ~*~*~tactically~*~*~ (stealth).
 29686 | Vaults:1 | 29686 ||| INVOKING Heroism.
 29716 | Vaults:1 | 29716 ||| Stepping ~*~*~tactically~*~*~ (stealth).
 29717 | Vaults:1 | 29717 ||| Stepping ~*~*~tactically~*~*~ (stealth).
 29864 | Vaults:2 | 29864 ||| STAIRDANCE
 29873 | Vaults:2 | 29873 ||| STAIRDANCE
 29920 | Vaults:2 | Noticed Nikola
 29921 | Vaults:2 | 29921 ||| Stepping ~*~*~tactically~*~*~ (hiding).
 29927 | Vaults:2 | 29927 ||| INVOKING Heroism.
 29929 | Vaults:2 | 29929 ||| INVOKING Finesse.
 29940 | Vaults:2 | Killed Nikola
 30057 | Vaults:2 | 30057 ||| FLEEEEING.
 30058 | Vaults:2 | 30058 ||| FLEEEEING.
 30059 | Vaults:2 | 30059 ||| FLEEEEING.
 30060 | Vaults:2 | 30060 ||| FLEEEEING.
 30061 | Vaults:2 | 30061 ||| FLEEEEING.
 30062 | Vaults:2 | 30062 ||| FLEEEEING.
 30063 | Vaults:2 | 30063 ||| FLEEEEING.
 30064 | Vaults:2 | 30064 ||| FLEEEEING.
 30065 | Vaults:2 | 30065 ||| FLEEEEING.
 30066 | Vaults:2 | 30066 ||| FLEEEEING.
 30067 | Vaults:2 | 30067 ||| FLEEEEING.
 30071 | Vaults:2 | 30071 ||| FLEEEEING.
 30072 | Vaults:2 | 30072 ||| FLEEEEING.
 30079 | Vaults:2 | 30079 ||| FLEEEEING.
 30080 | Vaults:2 | 30080 ||| FLEEEEING.
 30081 | Vaults:2 | 30081 ||| FLEEEEING.
 30082 | Vaults:2 | 30082 ||| FLEEEEING.
 30083 | Vaults:2 | 30083 ||| FLEEEEING.
 30084 | Vaults:2 | 30084 ||| FLEEEEING.
 30085 | Vaults:2 | 30085 ||| FLEEEEING.
 30086 | Vaults:2 | 30086 ||| FLEEEEING.
 30087 | Vaults:2 | 30087 ||| FLEEEEING.
 30088 | Vaults:2 | 30088 ||| FLEEEEING.
 30090 | Vaults:2 | 30090 ||| FLEEEEING.
 30092 | Vaults:2 | 30092 ||| FLEEEEING.
 30094 | Vaults:2 | 30094 ||| FLEEEEING.
 30096 | Vaults:2 | 30096 ||| FLEEEEING.
 30103 | Vaults:2 | 30103 ||| INVOKING Heroism.
 30129 | Vaults:2 | Reached skill level 15 in Fighting
 30331 | Vaults:2 | Received a gift from Okawaru
 30520 | Vaults:2 | 30520 ||| Stepping ~*~*~tactically~*~*~ (hiding).
 30574 | Vaults:2 | 30574 ||| Stepping ~*~*~tactically~*~*~ (stealth).
 30579 | Vaults:2 | 30579 ||| INVOKING Heroism.
 30613 | Vaults:2 | Found a staircase to the Crypt.
 30683 | Vaults:2 | 30683 ||| FLEEEEING.
 30696 | Vaults:2 | 30696 ||| FLEEEEING.
 30697 | Vaults:2 | 30697 ||| FLEEEEING.
 30698 | Vaults:2 | 30698 ||| FLEEEEING.
 30699 | Vaults:2 | 30699 ||| FLEEEEING.
 30703 | Vaults:2 | 30703 ||| Stepping ~*~*~tactically~*~*~ (hiding).
 30851 | Vaults:2 | Reached skill level 18 in Armour
 31004 | Vaults:2 | Reached XP level 20. HP: 129/129 MP: 27/27
 31006 | Vaults:2 | Received a gift from Okawaru
 31025 | Vaults:2 | 31025 ||| Stepping ~*~*~tactically~*~*~ (stealth).
 31026 | Vaults:2 | 31026 ||| Stepping ~*~*~tactically~*~*~ (stealth).
 31350 | Vaults:2 | 31350 ||| DROPPING scarf of resistance.
 31377 | Vaults:3 | 31377 ||| PLANNING WIZLAB
 31598 | Vaults:3 | 31598 ||| INVOKING Heroism.
 31618 | Vaults:3 | Received a gift from Okawaru
 31618 | Vaults:3 | Found the +7 lajatang of Order {silver, rMut}
 31626 | Vaults:3 | Reached skill level 9 in Throwing
 31652 | Vaults:3 | 31652 ||| Stepping ~*~*~tactically~*~*~ (hiding).
 31653 | Vaults:3 | 31653 ||| Stepping ~*~*~tactically~*~*~ (hiding).
 31654 | Vaults:3 | 31654 ||| Stepping ~*~*~tactically~*~*~ (hiding).
 31655 | Vaults:3 | 31655 ||| Stepping ~*~*~tactically~*~*~ (hiding).
 31773 | Vaults:3 | 31773 ||| Stepping ~*~*~tactically~*~*~ (stealth).
 31774 | Vaults:3 | 31774 ||| Stepping ~*~*~tactically~*~*~ (stealth).
 31777 | Vaults:3 | 31777 ||| Stepping ~*~*~tactically~*~*~ (hiding).
 31778 | Vaults:3 | 31778 ||| Stepping ~*~*~tactically~*~*~ (hiding).
 31812 | Vaults:3 | 31812 ||| Stepping ~*~*~tactically~*~*~ (stealth).
 31814 | Vaults:3 | 31814 ||| Stepping ~*~*~tactically~*~*~ (hiding).
 31900 | Vaults:3 | 31900 ||| Stepping ~*~*~tactically~*~*~ (stealth).
 31911 | Vaults:3 | 31911 ||| Stepping ~*~*~tactically~*~*~ (stealth).
 31916 | Vaults:3 | 31916 ||| INVOKING Heroism.
 32010 | Vaults:3 | 32010 ||| RIP WIZLAB
 32077 | Vaults:3 | 32077 ||| PLANNING VAULTS:1-4
 32180 | Vaults:3 | 32180 ||| Stepping ~*~*~tactically~*~*~ (stealth).
 32204 | Vaults:3 | Found Unyriaf's Distillery.
 32212 | Vaults:3 | 32212 ||| BUYING potion of attraction (57 gold).
 32212 | Vaults:3 | Bought a potion of attraction for 57 gold pieces
 32212 | Vaults:3 | 32212 ||| BUYING potion of cancellation (152 gold).
 32212 | Vaults:3 | Bought a potion of cancellation for 152 gold pieces
 32212 | Vaults:3 | 32212 ||| BUYING potion of curing (57 gold).
 32212 | Vaults:3 | Bought a potion of curing for 57 gold pieces
 32212 | Vaults:3 | 32212 ||| BUYING potion of heal wounds (95 gold).
 32212 | Vaults:3 | Bought a potion of heal wounds for 95 gold pieces
 32212 | Vaults:3 | 32212 ||| BUYING potion of might (76 gold).
 32212 | Vaults:3 | Bought a potion of might for 76 gold pieces
 32212 | Vaults:3 | 32212 ||| BUYING potion of might (76 gold).
 32212 | Vaults:3 | Bought a potion of might for 76 gold pieces
 32222 | Vaults:3 | 32222 ||| Stepping ~*~*~tactically~*~*~ (stealth).
 32225 | Vaults:3 | 32225 ||| INVOKING Heroism.
 32459 | Vaults:3 | 32459 ||| UPGRADING to amulet of reflection.
 32469 | Vaults:3 | 32469 ||| DROPPING amulet of regeneration.
 32492 | Vaults:4 | 32492 ||| PLANNING DESOLATION
 32496 | Vaults:4 | 32496 ||| INVOKING Heroism.
 32505 | Vaults:4 | Reached skill level 16 in Fighting
 32592 | Vaults:4 | 32592 ||| Stepping ~*~*~tactically~*~*~ (hiding).
 32744 | Vaults:4 | 32744 ||| Stepping ~*~*~tactically~*~*~ (hiding).
 32746 | Vaults:4 | 32746 ||| INVOKING Heroism.
 32756 | Vaults:4 | Identified the +0 pair of gloves of Inquiry {Int+3 Slay+2}
                  | (Okawaru gifted it to you on level 4 of the Vaults)
 32756 | Vaults:4 | Received a gift from Okawaru
 32766 | Vaults:4 | 32766 ||| Stepping ~*~*~tactically~*~*~ (hiding).
 32893 | Vaults:4 | Found a crumbling gateway.
 32894 | Vaults:4 | 32894 ||| DROPPING +0 pair of gloves of Inquiry {Int+3
                  | Slay+2}.
 32898 | Desolati | Entered the Desolation of Salt
 32906 | Desolati | 32906 ||| INVOKING Heroism.
 33043 | Desolati | 33043 ||| INVOKING Heroism.
 33087 | Desolati | 33087 ||| INVOKING Heroism.
 33088 | Desolati | HP: 29/131 [crystal guardian/crystal bolt (31)]
 33089 | Desolati | 33089 ||| READING 16 scrolls of teleportation.
 33090 | Desolati | 33090 ||| DRINKING 18 potions of heal wounds.
 33185 | Desolati | 33185 ||| Stepping ~*~*~tactically~*~*~ (hiding).
 33189 | Desolati | 33189 ||| Stepping ~*~*~tactically~*~*~ (hiding).
 33207 | Desolati | 33207 ||| INVOKING Heroism.
 33242 | Desolati | Identified the ring "Lyll" {+Blink Will+ Dex+6}
 33244 | Desolati | Identified the amulet of Surprise {Faith Stlth+}
 33246 | Desolati | Identified the +0 plate armour "Loeliu" {+Inv}
 33284 | Desolati | 33284 ||| INVOKING Heroism.
 33329 | Desolati | 33329 ||| INVOKING Heroism.
 33377 | Desolati | 33377 ||| INVOKING Heroism.
 33473 | Desolati | 33473 ||| INVOKING Heroism.
 33679 | Desolati | Identified the +11 mace of Discord {flame, rPois rN+ rCorr
                  | Dex-2}
 33687 | Desolati | Identified the +2 scale mail "Ofurif Pesm" {Fly Regen+
                  | Dex-2}
 33775 | Desolati | Identified the ring "Ydezenwi" {Wiz Dex+4}
 33796 | Desolati | 33796 ||| INVOKING Heroism.
 33812 | Desolati | Reached skill level 17 in Fighting
 33865 | Desolati | 33865 ||| DROPPING amulet of Surprise {Faith Stlth+}.
 33866 | Desolati | 33866 ||| DROPPING amulet of the acrobat.
 33867 | Desolati | 33867 ||| UPGRADING to ring "Lyll" {+Blink Will+ Dex+6}.
 33869 | Desolati | 33869 ||| DROPPING ring "Ydezenwi" {Wiz Dex+4}.
 33895 | Vaults:4 | 33895 ||| PLANNING VAULTS:1-4
 33988 | Vaults:4 | Reached XP level 21. HP: 139/139 MP: 28/28
 33988 | Vaults:4 | 33988 ||| FLEEEEING.
 33989 | Vaults:4 | 33989 ||| FLEEEEING.
 33990 | Vaults:4 | 33990 ||| FLEEEEING.
 33991 | Vaults:4 | 33991 ||| FLEEEEING.
 33992 | Vaults:4 | 33992 ||| FLEEEEING.
 33993 | Vaults:4 | 33993 ||| Stepping ~*~*~tactically~*~*~ (hiding).
 33994 | Vaults:4 | 33994 ||| FLEEEEING.
 33995 | Vaults:4 | 33995 ||| Stepping ~*~*~tactically~*~*~ (hiding).
 33997 | Vaults:4 | 33997 ||| INVOKING Heroism.
 34004 | Vaults:4 | Received a gift from Okawaru
 34238 | Vaults:4 | 34238 ||| Stepping ~*~*~tactically~*~*~ (hiding).
 34239 | Vaults:4 | 34239 ||| Stepping ~*~*~tactically~*~*~ (hiding).
 34644 | Vaults:4 | 34644 ||| INVOKING Heroism.
 34651 | Vaults:4 | Received a gift from Okawaru
 34671 | Vaults:4 | Reached skill level 6 in Dodging
 34680 | Vaults:4 | 34680 ||| DROPPING +4 broad axe of venom.
 34794 | Vaults:4 | 34794 ||| PLANNING SHOALS:4
 35127 | Shoals:4 | Entered Level 4 of the Shoals
 35145 | Shoals:4 | 35145 ||| INVOKING Heroism.
 35159 | Shoals:4 | 35159 ||| INVOKING Finesse.
 35213 | Shoals:4 | 35213 ||| Stepping ~*~*~tactically~*~*~ (hiding).
 35355 | Shoals:4 | 35355 ||| Stepping ~*~*~tactically~*~*~ (stealth).
 35357 | Shoals:4 | 35357 ||| Stepping ~*~*~tactically~*~*~ (stealth).
 35359 | Shoals:4 | 35359 ||| Stepping ~*~*~tactically~*~*~ (hiding).
 35360 | Shoals:4 | 35360 ||| Stepping ~*~*~tactically~*~*~ (hiding).
 35361 | Shoals:4 | 35361 ||| Stepping ~*~*~tactically~*~*~ (hiding).
 35369 | Shoals:4 | 35369 ||| INVOKING Heroism.
 35440 | Shoals:4 | 35440 ||| Stepping ~*~*~tactically~*~*~ (stealth).
 35441 | Shoals:4 | 35441 ||| Stepping ~*~*~tactically~*~*~ (stealth).
 35460 | Shoals:4 | Got a barnacled rune of Zot
 35462 | Shoals:4 | 35462 ||| Stepping ~*~*~tactically~*~*~ (hiding).
 35474 | Shoals:4 | 35474 ||| Stepping ~*~*~tactically~*~*~ (stealth).
 35477 | Shoals:4 | 35477 ||| INVOKING Heroism.
 35483 | Shoals:4 | 35483 ||| Stepping ~*~*~tactically~*~*~ (hiding).
 35494 | Shoals:4 | 35494 ||| Stepping ~*~*~tactically~*~*~ (stealth).
 35503 | Shoals:4 | 35503 ||| Stepping ~*~*~tactically~*~*~ (stealth).
 35504 | Shoals:4 | 35504 ||| Stepping ~*~*~tactically~*~*~ (stealth).
 35506 | Shoals:4 | 35506 ||| Stepping ~*~*~tactically~*~*~ (hiding).
 35535 | Shoals:4 | 35535 ||| Stepping ~*~*~tactically~*~*~ (stealth).
 35536 | Shoals:4 | 35536 ||| Stepping ~*~*~tactically~*~*~ (stealth).
 35537 | Shoals:4 | 35537 ||| Stepping ~*~*~tactically~*~*~ (stealth).
 35538 | Shoals:4 | 35538 ||| Stepping ~*~*~tactically~*~*~ (stealth).
 35539 | Shoals:4 | 35539 ||| Stepping ~*~*~tactically~*~*~ (stealth).
 35540 | Shoals:4 | 35540 ||| Stepping ~*~*~tactically~*~*~ (stealth).
 35542 | Shoals:4 | 35542 ||| Stepping ~*~*~tactically~*~*~ (stealth).
 35543 | Shoals:4 | 35543 ||| INVOKING Heroism.
 35552 | Shoals:4 | 35552 ||| Stepping ~*~*~tactically~*~*~ (hiding).
 35556 | Shoals:4 | 35556 ||| Stepping ~*~*~tactically~*~*~ (hiding).
 35559 | Shoals:4 | 35559 ||| Stepping ~*~*~tactically~*~*~ (hiding).
 35582 | Shoals:4 | Received a gift from Okawaru
 35608 | Shoals:4 | Identified the +1 pair of gloves of Discretion {*Corrode
                  | rElec Str-2 SInv}
 35725 | Shoals:4 | 35725 ||| INVOKING Heroism.
 35726 | Shoals:4 | 35726 ||| INVOKING Finesse.
 35762 | Shoals:4 | 35762 ||| Stepping ~*~*~tactically~*~*~ (stealth).
 35804 | Shoals:4 | 35804 ||| Stepping ~*~*~tactically~*~*~ (stealth).
 35807 | Shoals:4 | 35807 ||| Stepping ~*~*~tactically~*~*~ (stealth).
 35821 | Shoals:4 | 35821 ||| Stepping ~*~*~tactically~*~*~ (stealth).
 35832 | Shoals:4 | 35832 ||| Stepping ~*~*~tactically~*~*~ (stealth).
 35863 | Shoals:4 | 35863 ||| Stepping ~*~*~tactically~*~*~ (hiding).
 35985 | Shoals:4 | 35985 ||| Stepping ~*~*~tactically~*~*~ (hiding).
 36133 | Shoals:4 | 36133 ||| Stepping ~*~*~tactically~*~*~ (stealth).
 36322 | Shoals:4 | 36322 ||| PLANNING DEPTHS
 36322 | Shoals:4 | 36322 ||| DROPPING +1 pair of gloves of Discretion
                  | {*Corrode rElec Str-2 SInv}.
 36323 | Shoals:4 | 36323 ||| DROPPING ring of magical power.
 36324 | Shoals:4 | 36324 ||| DROPPING 26 boomerangs.
 36325 | Shoals:4 | 36325 ||| DROPPING 5 boomerangs of dispersal.
 36589 | Depths:1 | Entered Level 1 of the Depths
 36634 | Depths:1 | Found Kaaluoci's Magic Scroll Emporium.
 36636 | Depths:1 | 36636 ||| Stepping ~*~*~tactically~*~*~ (stealth).
 36637 | Depths:1 | 36637 ||| Stepping ~*~*~tactically~*~*~ (stealth).
 36639 | Depths:1 | 36639 ||| INVOKING Heroism.
 36642 | Depths:1 | Identified the +6 long sword of Extremism {freeze, rElec
                  | rPois rF- Str+2} (Okawaru gifted it to you on level 1 of
                  | the Depths)
 36642 | Depths:1 | Received a gift from Okawaru
 36668 | Depths:1 | 36668 ||| INVOKING Finesse.
 36738 | Depths:1 | 36738 ||| BUYING scroll of enchant armour (135 gold).
 36738 | Depths:1 | Bought a scroll of enchant armour for 135 gold pieces
 36738 | Depths:1 | 36738 ||| BUYING scroll of enchant weapon (135 gold).
 36738 | Depths:1 | Bought a scroll of enchant weapon for 135 gold pieces
 36738 | Depths:1 | 36738 ||| BUYING scroll of teleportation (54 gold).
 36738 | Depths:1 | Bought a scroll of teleportation for 54 gold pieces
 36768 | Depths:1 | Found a runed translucent door.
 36774 | Depths:1 | Noticed a caustic shrike
 36794 | Depths:1 | 36794 ||| READING 17 scrolls of teleportation.
 36799 | Depths:1 | 36799 ||| INVOKING Heroism.
 36813 | Depths:1 | 36813 ||| INVOKING Finesse.
 36910 | Depths:1 | 36910 ||| INVOKING Finesse.
 36912 | Depths:1 | 36912 ||| INVOKING Heroism.
 36913 | Depths:1 | 36913 ||| Stepping ~*~*~tactically~*~*~ (stealth).
 36914 | Depths:1 | 36914 ||| Stepping ~*~*~tactically~*~*~ (stealth).
 37258 | Depths:1 | 37258 ||| Stepping ~*~*~tactically~*~*~ (hiding).
 37260 | Depths:1 | 37260 ||| Stepping ~*~*~tactically~*~*~ (hiding).
 37346 | Depths:1 | 37346 ||| INVOKING Heroism.
 37416 | Depths:1 | 37416 ||| INVOKING Heroism.
 37417 | Depths:1 | 37417 ||| INVOKING Finesse.
 37562 | Depths:1 | Found a gateway to Hell.
 37719 | Depths:1 | 37719 ||| DROPPING scarf of shadows.
 37795 | Depths:2 | 37795 ||| INVOKING Heroism.
 37814 | Depths:2 | Reached skill level 18 in Fighting
 37866 | Depths:2 | 37866 ||| Stepping ~*~*~tactically~*~*~ (hiding).
 37868 | Depths:2 | 37868 ||| Stepping ~*~*~tactically~*~*~ (hiding).
 37871 | Depths:2 | 37871 ||| INVOKING Heroism.
 37872 | Depths:2 | 37872 ||| INVOKING Finesse.
 37885 | Depths:2 | Identified the +7 short sword of Ash {speed, rC+++ Str-3}
                  | (Okawaru gifted it to you on level 2 of the Depths)
 37885 | Depths:2 | Received a gift from Okawaru
 37918 | Depths:2 | Found Gozag's Antique Weapon Shoppe.
 37923 | Depths:2 | Noticed a golden dragon
 37925 | Depths:2 | Found an opulent altar of Gozag.
 37930 | Depths:2 | Found Gozag's Assorted Antiques.
 37933 | Depths:2 | 37933 ||| INVOKING Heroism.
 37934 | Depths:2 | 37934 ||| INVOKING Finesse.
 37935 | Depths:2 | Found Gozag's Antique Armour Emporium.
 37942 | Depths:2 | Reached XP level 22. HP: 145/147 MP: 22/29
 37984 | Depths:2 | 37984 ||| BUYING potion of curing (300 gold).
 37984 | Depths:2 | Bought a potion of curing for 300 gold pieces
 37984 | Depths:2 | 37984 ||| BUYING potion of heal wounds (500 gold).
 37984 | Depths:2 | Bought a potion of heal wounds for 500 gold pieces
 38024 | Depths:2 | Found a one-way gateway to a ziggurat.
 38026 | Depths:2 | 38026 ||| Stepping ~*~*~tactically~*~*~ (hiding).
 38028 | Depths:2 | 38028 ||| INVOKING Heroism.
 38029 | Depths:2 | 38029 ||| INVOKING Finesse.
 38132 | Depths:2 | 38132 ||| INVOKING Heroism.
 38133 | Depths:2 | 38133 ||| INVOKING Finesse.
 38139 | Depths:2 | Noticed a golden dragon
 38140 | Depths:2 | 38140 ||| Stepping ~*~*~tactically~*~*~ (stealth).
 38141 | Depths:2 | 38141 ||| Stepping ~*~*~tactically~*~*~ (stealth).
 38150 | Depths:2 | Killed a golden dragon
 38287 | Depths:2 | 38287 ||| Stepping ~*~*~tactically~*~*~ (stealth).
 38373 | Depths:2 | Identified the +2 sling "Lugicvis" {flame, rN+ Int+4}
 38469 | Depths:2 | Noticed Vv
 38470 | Depths:2 | 38470 ||| DRINKING 2 potions of resistance.
 38471 | Depths:2 | 38471 ||| INVOKING Heroism.
 38472 | Depths:2 | 38472 ||| INVOKING Finesse.
 38502 | Depths:2 | Killed Vv
 38740 | Depths:2 | Found a one-way gate leading to the halls of Pandemonium.
 38812 | Depths:2 | 38812 ||| INVOKING Heroism.
 38820 | Depths:2 | Killed a golden dragon
 38961 | Depths:2 | 38961 ||| READING 16 scrolls of teleportation.
 39143 | Depths:3 | 39143 ||| INVOKING Heroism.
 39184 | Depths:3 | Reached skill level 21 in Armour
 39197 | Depths:3 | Received a gift from Okawaru
 39206 | Depths:3 | 39206 ||| INVOKING Heroism.
 39352 | Depths:3 | 39352 ||| Stepping ~*~*~tactically~*~*~ (hiding).
 39373 | Depths:3 | 39373 ||| INVOKING Heroism.
 39374 | Depths:3 | 39374 ||| INVOKING Finesse.
 39375 | Depths:3 | 39375 ||| Stepping ~*~*~tactically~*~*~ (hiding).
 39376 | Depths:3 | 39376 ||| Stepping ~*~*~tactically~*~*~ (hiding).
 39399 | Depths:3 | Received a gift from Okawaru
 39408 | Depths:3 | 39408 ||| Stepping ~*~*~tactically~*~*~ (stealth).
 39411 | Depths:3 | 39411 ||| Stepping ~*~*~tactically~*~*~ (hiding).
 39416 | Depths:3 | 39416 ||| Stepping ~*~*~tactically~*~*~ (hiding).
 39442 | Depths:3 | 39442 ||| Stepping ~*~*~tactically~*~*~ (stealth).
 39444 | Depths:3 | 39444 ||| Stepping ~*~*~tactically~*~*~ (hiding).
 39446 | Depths:3 | Noticed a golden dragon
 39447 | Depths:3 | 39447 ||| INVOKING Heroism.
 39458 | Depths:3 | Killed a golden dragon
 39463 | Depths:3 | Received a gift from Okawaru
 39503 | Depths:3 | 39503 ||| Stepping ~*~*~tactically~*~*~ (stealth).
 39506 | Depths:3 | 39506 ||| INVOKING Heroism.
 39520 | Depths:3 | Identified the +7 dagger "Beoblowa" {elec, rC+ rCorr Int+7}
 39521 | Depths:3 | 39521 ||| Stepping ~*~*~tactically~*~*~ (hiding).
 39543 | Depths:3 | 39543 ||| INVOKING Heroism.
 39545 | Depths:3 | Reached skill level 19 in Fighting
 39550 | Depths:3 | 39550 ||| Stepping ~*~*~tactically~*~*~ (hiding).
 39570 | Depths:3 | 39570 ||| INVOKING Heroism.
 39571 | Depths:3 | 39571 ||| INVOKING Finesse.
 39586 | Depths:3 | 39586 ||| Stepping ~*~*~tactically~*~*~ (hiding).
 39633 | Depths:3 | 39633 ||| INVOKING Heroism.
 39701 | Depths:3 | 39701 ||| Stepping ~*~*~tactically~*~*~ (stealth).
 39713 | Depths:3 | Received a gift from Okawaru
 39795 | Depths:3 | Noticed a juggernaut
 39796 | Depths:3 | 39796 ||| INVOKING Heroism.
 39797 | Depths:3 | 39797 ||| INVOKING Finesse.
 39809 | Depths:3 | Killed a juggernaut
 39858 | Depths:3 | 39858 ||| INVOKING Heroism.
 39859 | Depths:3 | 39859 ||| INVOKING Finesse.
 40005 | Depths:3 | 40005 ||| Stepping ~*~*~tactically~*~*~ (stealth).
 40006 | Depths:3 | 40006 ||| Stepping ~*~*~tactically~*~*~ (stealth).
 40008 | Depths:3 | 40008 ||| Stepping ~*~*~tactically~*~*~ (stealth).
 40204 | Depths:3 | Found a one-way gate to the infinite horrors of the Abyss.
 40205 | Depths:3 | 40205 ||| INVOKING Heroism.
 40462 | Depths:3 | 40462 ||| DROPPING +1 pair of boots.
 40493 | Depths:4 | Entered Level 4 of the Depths
 40500 | Depths:4 | 40500 ||| INVOKING Finesse.
 40507 | Depths:4 | 40507 ||| Stepping ~*~*~tactically~*~*~ (hiding).
 40536 | Depths:4 | 40536 ||| Stepping ~*~*~tactically~*~*~ (stealth).
 40539 | Depths:4 | 40539 ||| Stepping ~*~*~tactically~*~*~ (stealth).
 40613 | Depths:4 | 40613 ||| Stepping ~*~*~tactically~*~*~ (stealth).
 40614 | Depths:4 | 40614 ||| Stepping ~*~*~tactically~*~*~ (stealth).
 40615 | Depths:4 | 40615 ||| Stepping ~*~*~tactically~*~*~ (stealth).
 40653 | Depths:4 | 40653 ||| INVOKING Heroism.
 40672 | Depths:4 | 40672 ||| Stepping ~*~*~tactically~*~*~ (stealth).
 40710 | Depths:4 | 40710 ||| Stepping ~*~*~tactically~*~*~ (stealth).
 40715 | Depths:4 | 40715 ||| INVOKING Heroism.
 40717 | Depths:4 | Reached XP level 23. HP: 155/155 MP: 27/30
 40751 | Depths:4 | 40751 ||| Stepping ~*~*~tactically~*~*~ (hiding).
 40921 | Depths:4 | Noticed a golden dragon
 40922 | Depths:4 | 40922 ||| INVOKING Heroism.
 40923 | Depths:4 | 40923 ||| INVOKING Finesse.
 40924 | Depths:4 | Found a gate to the Realm of Zot.
 40935 | Depths:4 | Received a gift from Okawaru
 40940 | Depths:4 | Killed a golden dragon
 41054 | Depths:4 | 41054 ||| Stepping ~*~*~tactically~*~*~ (hiding).
 41056 | Depths:4 | 41056 ||| INVOKING Heroism.
 41099 | Depths:4 | 41099 ||| Stepping ~*~*~tactically~*~*~ (hiding).
 41100 | Depths:4 | 41100 ||| Stepping ~*~*~tactically~*~*~ (hiding).
 41111 | Depths:4 | Received a gift from Okawaru
 41113 | Depths:4 | 41113 ||| INVOKING Heroism.
 41311 | Depths:4 | 41311 ||| Stepping ~*~*~tactically~*~*~ (stealth).
 41326 | Depths:4 | 41326 ||| Stepping ~*~*~tactically~*~*~ (hiding).
 41382 | Depths:4 | 41382 ||| Stepping ~*~*~tactically~*~*~ (hiding).
 41383 | Depths:4 | 41383 ||| Stepping ~*~*~tactically~*~*~ (hiding).
 41475 | Depths:4 | 41475 ||| Stepping ~*~*~tactically~*~*~ (hiding).
 41727 | Depths:4 | 41727 ||| Stepping ~*~*~tactically~*~*~ (hiding).
 41838 | Depths:4 | 41838 ||| PLANNING VAULTS:5
 42137 | Vaults:5 | Entered Level 5 of the Vaults
 42138 | Vaults:5 | 42138 ||| INVOKING Heroism.
 42139 | Vaults:5 | 42139 ||| STAIRDANCE
 42158 | Vaults:4 | Received a gift from Okawaru
 42193 | Vaults:5 | 42193 ||| STAIRDANCE
 42195 | Vaults:4 | 42195 ||| INVOKING Heroism.
 42217 | Vaults:5 | 42217 ||| STAIRDANCE
 42242 | Vaults:5 | 42242 ||| STAIRDANCE
 42272 | Vaults:5 | 42272 ||| STAIRDANCE
 42287 | Vaults:5 | 42287 ||| INVOKING Heroism.
 42288 | Vaults:5 | 42288 ||| STAIRDANCE
 42317 | Vaults:5 | Reached skill level 20 in Fighting
 42342 | Vaults:5 | 42342 ||| Stepping ~*~*~tactically~*~*~ (hiding).
 42343 | Vaults:5 | 42343 ||| INVOKING Heroism.
 42344 | Vaults:5 | 42344 ||| INVOKING Finesse.
 42347 | Vaults:5 | 42347 ||| Stepping ~*~*~tactically~*~*~ (hiding).
 42404 | Vaults:5 | 42404 ||| Stepping ~*~*~tactically~*~*~ (hiding).
 42441 | Vaults:5 | Identified the +2 hand axe "Qydd" {drain, *Slow rN++ rCorr
                  | Str+3}
 42459 | Vaults:5 | 42459 ||| INVOKING Heroism.
 42504 | Vaults:5 | 42504 ||| INVOKING Heroism.
 42506 | Vaults:5 | 42506 ||| INVOKING Finesse.
 42572 | Vaults:5 | 42572 ||| Stepping ~*~*~tactically~*~*~ (stealth).
 42578 | Vaults:5 | 42578 ||| Stepping ~*~*~tactically~*~*~ (hiding).
 42584 | Vaults:5 | 42584 ||| INVOKING Heroism.
 42629 | Vaults:5 | 42629 ||| INVOKING Heroism.
 42634 | Vaults:5 | Reached skill level 21 in Shields
 42665 | Vaults:5 | Identified the ring of Suspicion {Wiz rElec Str+6 Dex-4
                  | Stlth-}
 42666 | Vaults:5 | 42666 ||| Stepping ~*~*~tactically~*~*~ (stealth).
 42681 | Vaults:5 | Noticed Mennas
 42682 | Vaults:5 | 42682 ||| INVOKING Heroism.
 42723 | Vaults:5 | Killed Mennas
 42724 | Vaults:5 | Reached skill level 9 in Dodging
 42731 | Vaults:5 | Received a gift from Okawaru
 42794 | Vaults:5 | Identified the +5 rapier "Killer Bee's Foe" {drain, rElec
                  | rPois Str+3}
 42805 | Vaults:5 | Noticed Margery
 42806 | Vaults:5 | 42806 ||| DRINKING potion of resistance.
 42807 | Vaults:5 | 42807 ||| INVOKING Heroism.
 42808 | Vaults:5 | 42808 ||| INVOKING Finesse.
 42818 | Vaults:5 | Killed Margery
 42891 | Vaults:5 | 42891 ||| Stepping ~*~*~tactically~*~*~ (stealth).
 42892 | Vaults:5 | 42892 ||| Stepping ~*~*~tactically~*~*~ (stealth).
 42893 | Vaults:5 | 42893 ||| Stepping ~*~*~tactically~*~*~ (stealth).
 42895 | Vaults:5 | 42895 ||| Stepping ~*~*~tactically~*~*~ (hiding).
 42898 | Vaults:5 | 42898 ||| INVOKING Heroism.
 42925 | Vaults:5 | 42925 ||| Stepping ~*~*~tactically~*~*~ (hiding).
 42943 | Vaults:5 | 42943 ||| FLEEEEING.
 42944 | Vaults:5 | 42944 ||| FLEEEEING.
 42952 | Vaults:5 | 42952 ||| INVOKING Heroism.
 43006 | Vaults:5 | 43006 ||| INVOKING Finesse.
 43089 | Vaults:5 | 43089 ||| Stepping ~*~*~tactically~*~*~ (stealth).
 43093 | Vaults:5 | 43093 ||| INVOKING Heroism.
 43094 | Vaults:5 | 43094 ||| Stepping ~*~*~tactically~*~*~ (stealth).
 43095 | Vaults:5 | 43095 ||| INVOKING Finesse.
 43125 | Vaults:5 | Reached skill level 21 in Fighting
 43126 | Vaults:5 | Reached XP level 24. HP: 166/166 MP: 26/30
 43241 | Vaults:5 | 43241 ||| Stepping ~*~*~tactically~*~*~ (hiding).
 43279 | Vaults:5 | Noticed Bai Suzhen
 43280 | Vaults:5 | 43280 ||| Stepping ~*~*~tactically~*~*~ (stealth).
 43283 | Vaults:5 | 43283 ||| Stepping ~*~*~tactically~*~*~ (hiding).
 43284 | Vaults:5 | 43284 ||| Stepping ~*~*~tactically~*~*~ (hiding).
 43286 | Vaults:5 | 43286 ||| INVOKING Heroism.
 43314 | Vaults:5 | Killed Bai Suzhen
 43314 | Vaults:5 | Received a gift from Okawaru
 43602 | Vaults:5 | 43602 ||| INVOKING Heroism.
 43625 | Vaults:5 | Reached skill level 12 in Throwing
 43627 | Vaults:5 | 43627 ||| INVOKING Finesse.
 43628 | Vaults:5 | Identified the +6 plate armour of the Evil One {rF+}
                  | (Okawaru gifted it to you on level 5 of the Vaults)
 43628 | Vaults:5 | Received a gift from Okawaru
 43707 | Vaults:5 | 43707 ||| Stepping ~*~*~tactically~*~*~ (hiding).
 43714 | Vaults:5 | Identified the +8 shortbow of the Seven Moons {vorpal,
                  | rElec rPois Will- rCorr SInv}
 43715 | Vaults:5 | 43715 ||| Stepping ~*~*~tactically~*~*~ (hiding).
 43716 | Vaults:5 | 43716 ||| FLEEEEING.
 43721 | Vaults:5 | Identified the +8 dagger of Tejit {drain, rElec rN+ Int+2
                  | Dex-4}
 43839 | Vaults:5 | Identified the +9 trident of Nuygif {pain, *Rage rN+++
                  | Str+4 Dex+7}
 43840 | Vaults:5 | Identified the +12 sling of Brawling {freeze, Str+3 Stlth+}
 43841 | Vaults:5 | Identified the ring of the Doge {rCorr Slay+2}
 43860 | Vaults:5 | Identified the +5 long sword "Xeiqaklo" {vorpal, Drain rN+
                  | Str+7 Stlth+}
 43862 | Vaults:5 | Identified the +11 falchion of Lash {speed, rElec Int+3
                  | Stlth+}
 43877 | Vaults:5 | Got a silver rune of Zot
 44069 | Vaults:5 | 44069 ||| Stepping ~*~*~tactically~*~*~ (hiding).
 44073 | Vaults:5 | 44073 ||| INVOKING Heroism.
 44117 | Vaults:5 | 44117 ||| Stepping ~*~*~tactically~*~*~ (hiding).
 44132 | Vaults:5 | Reached skill level 22 in Fighting
 44237 | Vaults:5 | Identified the +5 short sword of Greed {vorpal, rF+ rN+
                  | rCorr}
 44276 | Vaults:5 | 44276 ||| PLANNING SHOPPING SPREE
 44276 | Vaults:5 | 44276 ||| DROPPING +1 cloak of preservation.
 44277 | Vaults:5 | 44277 ||| DROPPING ring of see invisible.
 44643 | Shoals:1 | 44643 ||| BUYING ring of Creativity {rC+ Str+3 Dex+5} (732
                  | gold).
 44643 | Shoals:1 | Bought the ring of Creativity {rC+ Str+3 Dex+5} for 732
                  | gold pieces
 44643 | Shoals:1 | 44643 ||| DROPPING ring of protection from cold.
 44644 | Shoals:1 | 44644 ||| UPGRADING to ring of Creativity {rC+ Str+3
                  | Dex+5}.
 44646 | Shoals:1 | 44646 ||| UPGRADING to ring "Lyll" {+Blink Will+ Dex+6}.
 44814 | D:9      | 44814 ||| BUYING 2 potions of experience (1000 gold).
 44814 | D:9      | Bought 2 potions of experience for 1000 gold pieces
 44814 | D:9      | 44814 ||| DRINKING 2 potions of experience.
 44814 | D:9      | Reached XP level 25. HP: 173/173 MP: 30/30
 44815 | D:9      | 44815 ||| DRINKING potion of experience.
 44815 | D:9      | Reached XP level 26. HP: 179/179 MP: 30/30
 44816 | D:9      | 44816 ||| PLANNING ZOT:1-4
 45022 | Depths:4 | 45022 ||| Stepping ~*~*~tactically~*~*~ (stealth).
 45023 | Depths:4 | 45023 ||| Stepping ~*~*~tactically~*~*~ (stealth).
 45024 | Depths:4 | 45024 ||| UPGRADING to +2 pair of gloves "Boer" {rF+}.
 45068 | Zot:1    | Entered Level 1 of the Realm of Zot
 45069 | Zot:1    | 45069 ||| Stepping ~*~*~tactically~*~*~ (hiding).
 45073 | Zot:1    | 45073 ||| INVOKING Heroism.
 45183 | Zot:1    | 45183 ||| INVOKING Heroism.
 45255 | Zot:1    | 45255 ||| Stepping ~*~*~tactically~*~*~ (stealth).
 45256 | Zot:1    | 45256 ||| Stepping ~*~*~tactically~*~*~ (stealth).
 45324 | Zot:1    | 45324 ||| INVOKING Heroism.
 45400 | Zot:1    | 45400 ||| Stepping ~*~*~tactically~*~*~ (hiding).
 45450 | Zot:1    | 45450 ||| INVOKING Heroism.
 45541 | Zot:1    | 45541 ||| Stepping ~*~*~tactically~*~*~ (hiding).
 45546 | Zot:1    | 45546 ||| INVOKING Heroism.
 45616 | Zot:1    | 45616 ||| Stepping ~*~*~tactically~*~*~ (hiding).
 45623 | Zot:1    | 45623 ||| INVOKING Heroism.
 45790 | Zot:1    | 45790 ||| Stepping ~*~*~tactically~*~*~ (hiding).
 45852 | Zot:1    | 45852 ||| INVOKING Heroism.
 46092 | Zot:2    | 46092 ||| INVOKING Heroism.
 46099 | Zot:2    | 46099 ||| STAIRDANCE
 46106 | Zot:2    | 46106 ||| STAIRDANCE
 46167 | Zot:2    | 46167 ||| INVOKING Heroism.
 46200 | Zot:2    | 46200 ||| INVOKING Heroism.
 46257 | Zot:2    | Found a runed translucent door.
 46257 | Zot:2    | Found a shimmering altar of Xom.
 46257 | Zot:2    | Noticed Juzit's ghost (legendary GnFi)
 46259 | Zot:2    | 46259 ||| Stepping ~*~*~tactically~*~*~ (hiding).
 46260 | Zot:2    | 46260 ||| Stepping ~*~*~tactically~*~*~ (hiding).
 46269 | Zot:2    | Reached skill level 23 in Fighting
 46269 | Zot:2    | 46269 ||| Stepping ~*~*~tactically~*~*~ (hiding).
 46287 | Zot:2    | 46287 ||| INVOKING Heroism.
 46306 | Zot:2    | Received a gift from Okawaru
 46340 | Zot:2    | Reached XP level 27. HP: 176/188 MP: 30/30
 46341 | Zot:2    | 46341 ||| INVOKING Heroism.
 46401 | Zot:2    | 46401 ||| INVOKING Heroism.
 46464 | Zot:2    | 46464 ||| INVOKING Heroism.
 46511 | Zot:2    | HP: 37/188 [white draconian stormcaller/divine providence
                  | (15)]
 46512 | Zot:2    | 46512 ||| READING 20 scrolls of teleportation.
 46513 | Zot:2    | 46513 ||| DRINKING 25 potions of heal wounds.
 46516 | Zot:2    | HP: 45/188 [??? (10)]
 46517 | Zot:2    | 46517 ||| DRINKING 24 potions of heal wounds.
 46518 | Zot:2    | 46518 ||| INVOKING Heroism.
 46524 | Zot:2    | HP: 47/188 [white draconian stormcaller/divine providence
                  | (12)]
 46525 | Zot:2    | 46525 ||| DRINKING 23 potions of heal wounds.
 46836 | Zot:2    | 46836 ||| INVOKING Heroism.
 46939 | Zot:2    | 46939 ||| INVOKING Heroism.
 46959 | Zot:2    | Received a gift from Okawaru
 47126 | Zot:2    | 47126 ||| INVOKING Heroism.
 47173 | Zot:2    | 47173 ||| FLEEEEING.
 47174 | Zot:2    | 47174 ||| FLEEEEING.
 47175 | Zot:2    | 47175 ||| FLEEEEING.
 47176 | Zot:2    | 47176 ||| FLEEEEING.
 47189 | Zot:2    | 47189 ||| INVOKING Heroism.
 47230 | Zot:2    | HP: 47/188 [white draconian stormcaller/divine providence
                  | (15)]
 47231 | Zot:2    | 47231 ||| READING 19 scrolls of teleportation.
 47232 | Zot:2    | 47232 ||| DRINKING 22 potions of heal wounds.
 47234 | Zot:2    | 47234 ||| DRINKING 21 potions of heal wounds.
 47237 | Zot:2    | HP: 35/188 [white draconian stormcaller/divine providence
                  | (14)]
 47238 | Zot:2    | 47238 ||| DRINKING 20 potions of heal wounds.
 47239 | Zot:2    | 47239 ||| DRINKING 19 potions of heal wounds.
 47240 | Zot:2    | 47240 ||| DRINKING 18 potions of heal wounds.
 47250 | Zot:2    | HP: 38/188 [white draconian stormcaller/divine providence
                  | (13)]
 47251 | Zot:2    | 47251 ||| READING 18 scrolls of teleportation.
 47252 | Zot:2    | 47252 ||| DRINKING 17 potions of heal wounds.
 47253 | Zot:2    | 47253 ||| INVOKING Heroism.
 47256 | Zot:2    | HP: 34/188 [white draconian stormcaller/divine providence
                  | (16)]
 47257 | Zot:2    | 47257 ||| DRINKING 16 potions of heal wounds.
 47538 | Zot:2    | 47538 ||| FLEEEEING.
 47620 | Zot:2    | 47620 ||| FLEEEEING.
 47621 | Zot:2    | 47621 ||| FLEEEEING.
 47622 | Zot:2    | 47622 ||| FLEEEEING.
 47624 | Zot:2    | 47624 ||| INVOKING Heroism.
 47642 | Zot:2    | 47642 ||| FLEEEEING.
 47643 | Zot:2    | 47643 ||| FLEEEEING.
 47644 | Zot:2    | 47644 ||| INVOKING Heroism.
 47698 | Zot:2    | 47698 ||| FLEEEEING.
 47699 | Zot:2    | 47699 ||| FLEEEEING.
 47700 | Zot:2    | 47700 ||| FLEEEEING.
 47701 | Zot:2    | 47701 ||| FLEEEEING.
 47702 | Zot:2    | 47702 ||| FLEEEEING.
 47703 | Zot:2    | 47703 ||| FLEEEEING.
 47704 | Zot:2    | 47704 ||| FLEEEEING.
 47983 | Zot:2    | 47983 ||| INVOKING Heroism.
 48029 | Zot:2    | 48029 ||| INVOKING Heroism.
 48077 | Zot:2    | 48077 ||| FLEEEEING.
 48078 | Zot:2    | 48078 ||| FLEEEEING.
 48079 | Zot:2    | 48079 ||| FLEEEEING.
 48080 | Zot:2    | 48080 ||| FLEEEEING.
 48081 | Zot:2    | 48081 ||| FLEEEEING.
 48082 | Zot:2    | 48082 ||| FLEEEEING.
 48275 | Zot:2    | 48275 ||| FLEEEEING.
 48276 | Zot:2    | 48276 ||| INVOKING Heroism.
 48312 | Zot:2    | 48312 ||| INVOKING Heroism.
 48321 | Zot:2    | HP: 39/188 [white draconian stormcaller/divine providence
                  | (12)]
 48322 | Zot:2    | 48322 ||| READING 17 scrolls of teleportation.
 48323 | Zot:2    | 48323 ||| DRINKING 15 potions of heal wounds.
 48333 | Zot:2    | HP: 42/188 [white draconian stormcaller/divine providence
                  | (15)]
 48334 | Zot:2    | 48334 ||| DRINKING 14 potions of heal wounds.
 48341 | Zot:2    | HP: 36/188 [white draconian stormcaller/divine providence
                  | (13)]
 48342 | Zot:2    | 48342 ||| READING 16 scrolls of teleportation.
 48343 | Zot:2    | 48343 ||| DRINKING 13 potions of heal wounds.
 48346 | Zot:2    | HP: 38/188 [white draconian stormcaller/divine providence
                  | (11)]
 48347 | Zot:2    | 48347 ||| DRINKING 12 potions of heal wounds.
 48349 | Zot:2    | 48349 ||| DRINKING 11 potions of heal wounds.
 48350 | Zot:2    | 48350 ||| DRINKING 10 potions of heal wounds.
 48352 | Zot:2    | HP: 36/188 [white draconian stormcaller/divine providence
                  | (12)]
 48353 | Zot:2    | 48353 ||| DRINKING 9 potions of heal wounds.
 48355 | Zot:2    | 48355 ||| DRINKING 8 potions of heal wounds.
 48621 | Zot:2    | 48621 ||| FLEEEEING.
 48699 | Zot:2    | 48699 ||| INVOKING Heroism.
 48766 | Zot:2    | 48766 ||| INVOKING Heroism.
 48766 | Zot:2    | HP: 34/188 [white draconian stormcaller (25)]
 48767 | Zot:2    | 48767 ||| READING 15 scrolls of teleportation.
 48768 | Zot:2    | 48768 ||| DRINKING 7 potions of heal wounds.
 48772 | Zot:2    | HP: 39/188 [white draconian stormcaller/divine providence
                  | (15)]
 48772 | Zot:2    | HP: 19/188 [rime drake/flash freeze[a white draconian
                  | stormcaller] (20)]
 48773 | Zot:2    | 48773 ||| DRINKING 6 potions of heal wounds.
 48774 | Zot:2    | 48774 ||| DRINKING 5 potions of heal wounds.
 48778 | Zot:2    | HP: 41/188 [white draconian stormcaller/divine providence
                  | (11)]
 48779 | Zot:2    | 48779 ||| DRINKING 4 potions of heal wounds.
 49049 | Zot:2    | 49049 ||| FLEEEEING.
 49106 | Zot:2    | 49106 ||| FLEEEEING.
 49107 | Zot:2    | 49107 ||| FLEEEEING.
 49190 | Zot:2    | 49190 ||| INVOKING Heroism.
 49230 | Zot:2    | 49230 ||| FLEEEEING.
 49231 | Zot:2    | 49231 ||| FLEEEEING.
 49238 | Zot:2    | 49238 ||| INVOKING Heroism.
 49250 | Zot:2    | HP: 44/188 [white draconian stormcaller (12)]
 49251 | Zot:2    | 49251 ||| READING 14 scrolls of teleportation.
 49252 | Zot:2    | 49252 ||| DRINKING 3 potions of heal wounds.
 49253 | Zot:2    | 49253 ||| DRINKING 2 potions of heal wounds.
 49255 | Zot:2    | HP: 39/188 [white draconian stormcaller/divine providence
                  | (10)]
 49256 | Zot:2    | 49256 ||| DRINKING potion of heal wounds.
 49264 | Zot:2    | HP: 44/188 [white draconian stormcaller/divine providence
                  | (11)]
 49575 | Zot:2    | 49575 ||| INVOKING Heroism.
 49648 | Zot:2    | 49648 ||| INVOKING Heroism.
 49648 | Zot:2    | HP: 44/188 [white draconian stormcaller/divine providence
                  | (9)]
 49649 | Zot:2    | 49649 ||| READING 13 scrolls of teleportation.
 49649 | Zot:2    | HP: 20/188 [wind drake/the air[a white draconian
                  | stormcaller] (12)]
 49652 | Zot:2    | HP: 6/188 [white draconian stormcaller/divine providence
                  | (15)]
 49659 | Zot:2    | Killed from afar by a wind drake

Levels and vault maps discovered:
D:1:      heliophobic_arrival_ceremonial_halls, layout_basic,
          chequers_ecumenical_altar_simple
D:2:      cheibrodos_old_hovel, layout_loops_cross, minmay_statues_item
D:3:      layout_basic, lemuel_doored_altar, old_standard_altar,
          nicolae_figureground_pulse
D:4:      layout_basic, kennysheep_mini, lemuel_temple_firewalk_a
D:5:      layout_cave_pods, kennysheep_mini_moat, uniq_eustachio,
          uniq_crazy_yiuf_cottage
D:6:      layout_loops_ring, lemuel_tele_altar
D:7:      layout_gridville, mainiacjoe_overflow_cross_hatched
D:8:      layout_loops_ring
D:9:      layout_small_grid, serial_shops, shop, minmay_starry_boxes
D:10:     layout_basic, david_lair_shrubbed, minmay_orc_entry_temple_small,
          gammafunk_ghost_hive, uniq_sonja, uniq_fannar
D:11:     layout_loops_cross
D:12:     kennysheep_demon_hangout, layout_loops_ring, special_room
          [special_room_orc], minmay_misc_feat_rows, uniq_erolcha
D:13:     layout_loops_ring, david_vaults_2, elyvilon_altar_5
D:14:     layout_roguey, gammafunk_ghost_hydra_chop, minmay_unpleasant_kobolds,
          uniq_nessos
D:15:     grunt_enter_depths_hoard, layout_irregular_city, minivault_27,
          serial_shops, bzr_entry_road, uniq_agnes
Temple:   minmay_temple_bridge_d
Lair:1:   layout_loops_ring, wad_woods_03
Lair:2:   layout_chaotic_city, elwin_shoals_entry_rooms, grunt_megastairs_3
Lair:3:   layout_loops_ring, nicolae_spider_entry_non_spiders,
          cheibrodos_lair_lostbears
Lair:4:   dreamdust_isle_of_ice, layout_big_grid
Lair:5:   gammafunk_lair_ancient_temple, layout_layer_cave,
          nicolae_slime_entry_slimehenge, gauntlet_entry_generic,
          disabler_island, uniq_urug, uniq_kirke
Shoals:1: layout_shoals, serial_shops, nicolae_take_the_stairs,
          nicolae_shop_vocational, uniq_roxanne, uniq_louise
Shoals:2: layout_shoals, nicolae_shoals_water_shrine
Shoals:3: layout_shoals, regret_index_shoals_crete, uniq_polyphemus
Shoals:4: shoals_end_hellmonk_lost_city
Spider:1: layout_chambers, hangedman_spider_tarantella_strand, uniq_donald
Spider:2: layout_chambers
Spider:3: layout_spider_delve, hellmonk_deceptive_appearances
Spider:4: hellmonk_spider_rune_bug_friends, nicolae_spider_bug_shape
Orc:1:    layout_caves, trog_butcher_becter, uniq_josephine
Orc:2:    grunt_orc_tribal_feast, layout_caves
Vaults:1: vaults_mumra_minichess, v_misc_26, nicolae_vaults_network_quincunx
          [nicolae_vaults_network_quincunx_subvault,
          nicolae_vaults_network_quincunx_subvault,
          nicolae_vaults_network_quincunx_subvault,
          nicolae_vaults_network_quincunx_subvault,
          nicolae_vaults_network_quincunx_subvault], vaults_dpeg_emergency_exit,
          nicolae_vaults_border_crossing, nicolae_vaults_what_the_h,
          serial_ice_h, layout_vaults_omnigrid
Vaults:2: hangedman_vaults_variations, hangedman_vaults_stream,
          vaults_dpeg_diagonal, hangedman_vaults_snaps,
          minmay_crypt_entry_simple_sparse, nicolae_vaults_little_squares_4,
          v_misc_23, nicolae_vaults_angled_halls, grunt_vaults_funnel,
          nicolae_vaults_little_ls, ontoclasm_vaults_gateway,
          nicolae_vaults_three_branches, vaults_mumra_chevron_long,
          ontoclasm_vaults_twist, layout_vaults_ring, uniq_nikola
Vaults:3: lightli_enter_wizlab_magi_temple, vaults_mumra_lcd,
          nicolae_vaults_asterisk, vaults_room_semicircle, v_misc_19,
          nicolae_vaults_shelves_hall, hangedman_vaults_trim, v_misc_11,
          ontoclasm_vaults_eye, vaults_room_hallway,
          nicolae_vaults_little_squares_6, vaults_dpeg_ring,
          layout_vaults_maze_snakey, serial_shops, nicolae_square_shop
Vaults:4: portal_desolation_entry_nicolae_forbidding_blocks,
          dpeg_vaults_monster_box, hangedman_vaults_hat,
          nicolae_vaults_little_squares_1, nicolae_vaults_little_squares_2,
          nicolae_vaults_rhombus_6, nicolae_vaults_network_periphery,
          grunt_vaults_swirl, vaults_standard_mumra_x,
          nicolae_vaults_ring_of_whatevers, layout_vaults_big_room
Vaults:5: uniq_bai_suzhen, uniq_mennas, uniq_margery
Depths:1: layout_cross, serial_shops, nicolae_shop_crystal, serial_rivers,
          chequers_serial_rivers_marsh, chequers_serial_rivers_small_3,
          chequers_serial_rivers_room_b, chequers_serial_rivers_room_b,
          grunt_hell_entry_dis_grunt, minmay_hidden_floor
Depths:2: kennysheep_gozag_temple, layout_gridlike, enter_ziggurat_b,
          wad_floor_pattern_2, grunt_mini_vestibule, grunt_pan_entry_in_and_out,
          minmay_microvault, uniq_vv
Depths:3: nicolae_legendary_halls, layout_cave_shapes, hell_entry,
          minmay_room_of_horrors, grunt_decor_fettered, st_stairs_9,
          serial_bayou_shore_a
Depths:4: grunt_twist_and_shout, layout_basic, abyss_entry_small_statue_room,
          nicolae_two_hexagons, hell_entry, rand_demon_pan_entry_8, st_stairs_7
Zot:1:    layout_misc_corridors, grunt_megastairs_5
Zot:2:    lemuel_draconian_sentries_small, layout_misc_corridors,
          ebering_ghost_xom, lemuel_elevator

Skill      XL: |  1  2  3  4  5  6  7  8  9 10 11 12 13 14 15 16 17 18 19 20 21 22 23 24 25 26 27 |
---------------+----------------------------------------------------------------------------------+-----
Axes           | 2 3 4 5 6 7 9 11 12 14 15 16 18 | 18.0
Armour         | 4 5 6 7 9 11 12 13 14 15 16 17 18 19 20 21 22 | 22.0
Fighting       | 4 5 6 7 8 9 10 11 12 14 15 17 18 19 21 22 23 | 23.6
Dodging        | 1 2 3 4 7 8 9 10 11 | 11.0
Invocations    | 4 6 10 | 10.0
Throwing       | 3 4 5 6 7 8 9 10 11 12 13 | 13.0
Shields        | 4 5 6 7 8 13 14 18 19 20 21 22 | 22.0

Action                   |  1- 3 |  4- 6 |  7- 9 | 10-12 | 13-15 | 16-18 | 19-21 | 22-24 | 25-27 || total
-------------------------+-------+-------+-------+-------+-------+-------+-------+-------+-------++-------
Melee: War axe           |    86 |   121 |   208 |   558 |   623 |  1577 |       |       |       ||  3173
       Flail             |       |       |       |       |    25 |       |       |       |       ||    25
       Broad axe         |       |       |       |       |       |    98 |  1486 |  1366 |  1009 ||  3959
Throw: Boomerang         |       |     8 |    37 |    36 |    32 |       |       |       |       ||   113
       Javelin           |       |       |       |    54 |   116 |   161 |   133 |    66 |    25 ||   555
Invok: Heroism           |       |       |     8 |    23 |    22 |    48 |    40 |    36 |    32 ||   209
       Finesse           |       |       |       |       |    10 |    16 |     9 |    15 |       ||    50
  Use: Scroll            |     6 |     8 |     4 |    11 |     7 |     4 |     2 |     1 |     8 ||    51
       Potion            |       |     5 |       |       |     4 |     3 |     1 |     3 |    26 ||    42
 Stab: Invisible         |       |       |       |       |     5 |    36 |    22 |    26 |    35 ||   124
       Confused          |       |       |       |       |       |       |       |       |    10 ||    10
Armor: Scale mail        |    33 |       |       |       |       |       |       |       |       ||    33
       Crystal plate arm |     9 |    99 |   193 |   350 |   324 |   745 |   490 |   390 |   480 ||  3080
Dodge: Dodged            |    35 |     9 |    27 |   232 |   251 |   724 |   492 |   397 |   434 ||  2601
Block: Buckler           |    21 |    25 |    55 |   145 |   110 |       |       |       |       ||   356
       Kite shield       |       |       |       |       |    30 |   470 |       |       |       ||   500
       Reflection        |       |       |       |       |       |    12 |    61 |    34 |    26 ||   133
       Tower shield      |       |       |       |       |       |   686 |  1377 |  1209 |  1281 ||  4553

Table legend:
 A = Non-vault XP
 B = Vault XP
 C = Vault XP percentage of total XP
 D = Non-vault monster count
 E = Vault monster count
 F = Vault count percentage of total count
                 A         B        C        D         E       F
            +---------+---------+-------+---------+---------+-------
      Total |  520913 |  447770 |  46.2 |    1128 |     672 |  37.3
            +---------+---------+-------+---------+---------+-------
        D:1 |      50 |       0 |   0.0 |      26 |       0 |   0.0
        D:2 |      37 |       2 |   5.1 |      12 |       1 |   7.7
        D:3 |     196 |       0 |   0.0 |      19 |       0 |   0.0
        D:4 |     330 |       0 |   0.0 |      19 |       0 |   0.0
        D:5 |     735 |     196 |  21.1 |      23 |       1 |   4.2
        D:6 |    1029 |       0 |   0.0 |      17 |       0 |   0.0
        D:7 |    2547 |       0 |   0.0 |      30 |       0 |   0.0
        D:8 |     748 |       0 |   0.0 |      22 |       0 |   0.0
        D:9 |    2105 |     785 |  27.2 |      23 |       6 |  20.7
       D:10 |    2304 |    2378 |  50.8 |       9 |      15 |  62.5
       D:11 |    4160 |       0 |   0.0 |      23 |       0 |   0.0
       D:12 |    6488 |    2531 |  28.1 |      23 |      24 |  51.1
       D:13 |    4205 |    1748 |  29.4 |       8 |       3 |  27.3
       D:14 |   10846 |    1004 |   8.5 |      27 |       6 |  18.2
       D:15 |    1775 |    3138 |  63.9 |       4 |       3 |  42.9
     Lair:1 |    7782 |       0 |   0.0 |      44 |       0 |   0.0
     Lair:2 |    4888 |     960 |  16.4 |      21 |       3 |  12.5
     Lair:3 |    8313 |     871 |   9.5 |      32 |      10 |  23.8
     Lair:4 |    4180 |    3565 |  46.0 |      15 |      14 |  48.3
     Lair:5 |    7775 |   14317 |  64.8 |      22 |      39 |  63.9
   Shoals:1 |   16717 |    2686 |  13.8 |      32 |       2 |   5.9
   Shoals:2 |   17816 |    4411 |  19.8 |      33 |       9 |  21.4
   Shoals:3 |   15177 |   12189 |  44.5 |      34 |      19 |  35.8
   Shoals:4 |   18040 |   24178 |  57.3 |      42 |      33 |  44.0
   Spider:1 |   12651 |    1643 |  11.5 |      42 |       2 |   4.5
   Spider:2 |   23680 |       0 |   0.0 |      57 |       0 |   0.0
   Spider:3 |   14311 |    1242 |   8.0 |      32 |       2 |   5.9
   Spider:4 |   13235 |   20873 |  61.2 |      31 |      32 |  50.8
      Orc:1 |    1713 |    1789 |  51.1 |      14 |       8 |  36.4
      Orc:2 |    3445 |    7455 |  68.4 |      37 |      29 |  43.9
   Vaults:1 |   24626 |   27000 |  52.3 |      28 |      43 |  60.6
   Vaults:2 |   20559 |   19476 |  48.6 |      32 |      24 |  42.9
   Vaults:3 |   21967 |    4025 |  15.5 |      33 |       9 |  21.4
   Vaults:4 |   17327 |   39860 |  69.7 |      27 |      50 |  64.9
   Vaults:5 |   15219 |  111007 |  87.9 |      21 |      96 |  82.1
   Depths:1 |   27099 |    4212 |  13.5 |      31 |       4 |  11.4
   Depths:2 |   19006 |   20054 |  51.3 |      27 |      16 |  37.2
   Depths:3 |   27637 |   41611 |  60.1 |      32 |      43 |  57.3
   Depths:4 |   24411 |   19509 |  44.4 |      29 |      20 |  40.8
      Zot:1 |   62932 |    2486 |   3.8 |      51 |       2 |   3.8
      Zot:2 |   52852 |       0 |   0.0 |      44 |       0 |   0.0
 Desolation |       0 |   46289 | 100.0 |       0 |      95 | 100.0
   Gauntlet |       0 |    4280 | 100.0 |       0 |       9 | 100.0
            +---------+---------+-------+---------+---------+-------
